 Dungeon Crawl Stone Soup version 0.32-a0-938-g40ac7a0 (webtiles) character file.

Game seed: 14449263356796669365

14381677 EngineV8 the Archmage (level 27, 186/186 HPs)
             Began as a Deep Elf Conjurer on Apr 18, 2024.
             Was the Champion of Vehumet.
             Escaped with the Orb
             ... and 15 runes on Apr 19, 2024!
             The game lasted 07:30:44 (110306 turns).

EngineV8 the Archmage (Deep Elf Conjurer)         Turns: 110306, Time: 07:30:44

Health: 186/186    AC: 31    Str:  6    XL:     27
Magic:  61/61      EV: 15    Int: 43    God:    Vehumet [******]
Gold:   13688      SH: 18    Dex: 13    Spells: 0/80 levels left

rFire   + . .        k - staff "Edyw" {rN+ rCorr Int+3 SInv Conj}
rCold   + . .        m - +5 kite shield {AC+3}
rNeg    + + .        C - +5 ring mail {Will+}
rPois   +            O - +2 helmet {Int+3}
rElec   +            t - +2 cloak of Greater Demons {Int+3 Stlth+}
rCorr   +            G - +2 pair of gloves {hurl}
SInv    +            e - +2 pair of boots "Forghy" {rF+}
Will    +++..        h - amulet "Bietedel" {Spirit rPois rN+ Regen+}
Stlth   ++           y - ring of the Mage {Wiz Archmagi}
HPRegen 1.31/turn    Y - ring of Orossuush {Fly rElec rC+ rCorr SInv}
MPRegen 0.37/turn

%: clarity, guardian spirit, wizardry (x1), archmagi
@: flying, studying 6 skills
A: iridescent scales 1, clarity, dopey 1, high MP 1
0: Orb of Zot
}: 15/15 runes: serpentine, barnacled, slimy, silver, golden, iron, obsidian,
icy, bone, abyssal, demonic, glowing, magical, fiery, dark
a: Renounce Religion


You escaped.
You worshipped Vehumet.
Vehumet was exalted by your worship.
You visited 18 branches of the dungeon, and saw 87 of its levels.
You visited Pandemonium 1 time, and saw 15 of its levels.
You visited the Abyss 1 time.
You visited 1 bazaar.
You also visited: Sewer, Ice Cave and Wizlab.

You collected 19648 gold pieces.
You spent 5960 gold pieces at shops.

Inventory:

Hand Weapons
 b - the +9 rapier "Wosarhao" {venom, +Blink rElec rN+ Int+4}
   (You found it on level 5 of the Pits of Slime)

   Int+4:     It affects your intelligence (+4).
   rElec:     It insulates you from electricity.
   rN+:       It protects you from negative energy.
   +Blink:    It lets you blink.
Missiles
 K - 11 throwing nets {!f}
 L - 8 curare-tipped darts {!f}
Armour
 c - a +2 robe of fire resistance
 e - the +2 pair of boots "Forghy" (worn) {rF+}
   (You found it on level 7 of Gehenna)

   rF+:       It protects you from fire.
 m - a +5 kite shield of protection (worn)
 o - a +3 buckler of fire resistance
 t - the +2 cloak of Greater Demons (worn) {Int+3 Stlth+}
   (You found it on level 3 of the Elven Halls)

   Int+3:     It affects your intelligence (+3).
   Stlth+:    It makes you more stealthy.
 C - a +5 ring mail of willpower (worn)
 G - a +2 pair of gloves of hurling (worn)
 O - a +2 helmet of intelligence (worn)
Magical Staves
 k - the staff "Edyw" (weapon) {rN+ rCorr Int+3 SInv Conj}
   (You found it on level 7 of Tartarus)

   [staff of conjuration]

   Base accuracy: +5 Base damage: 5 Base attack delay: 1.2 This weapon's minimum
   attack delay (0.6) is reached at skill level 12.
   Int+3:     It affects your intelligence (+3).
   rN+:       It protects you from negative energy.
   SInv:      It lets you see invisible.
   rCorr:     It protects you from acid and corrosion.
   Conj:      It increases the power of your Conjurations spells.
   It falls into the 'Staves' category.
   It is a one-handed weapon.
Jewellery
 a - a ring of willpower
 h - the amulet "Bietedel" (around neck) {Spirit rPois rN+ Regen+}
   (You acquired it on level 5 of the Vaults)

   [amulet of guardian spirit]

   Spirit:    It causes incoming damage to be divided between your reserves of
   health and magic.
   rPois:     It protects you from poison.
   rN+:       It protects you from negative energy.
   Regen+:    It increases your rate of health regeneration.
 i - the ring "Arontuh" {rN++ Str+6 Int+4}
   (You found it on level 3 of the Crypt)

   [ring of strength]

   Str+6:     It affects your strength (+6).
   Int+4:     It affects your intelligence (+4).
   rN++:      It greatly protects you from negative energy.
 y - the ring of the Mage (left hand) {Wiz Archmagi}
   (You took it off a deep elf demonologist on level 3 of the Elven Halls)

   [ring of wizardry]

   Wiz:       It improves your spell success rate.
   Archmagi:  It increases the power of your magical spells.
 S - the ring "Muoxen" {Fire rPois Str+4}
   (You found it on level 7 of the Iron City of Dis)

   [ring of fire]

   Fire:      It enhances your fire magic.
   Str+4:     It affects your strength (+4).
   rF+:       It protects you from fire.
   rC-:       It makes you vulnerable to cold.
   rPois:     It protects you from poison.
 Y - the ring of Orossuush (right hand) {Fly rElec rC+ rCorr SInv}
   (You bought it in a shop on level 2 of the Orcish Mines)

   [ring of flight]

   rC+:       It protects you from cold.
   rElec:     It insulates you from electricity.
   SInv:      It lets you see invisible.
   Fly:       It grants you flight.
   rCorr:     It protects you from acid and corrosion.
Wands
 f - a wand of polymorph (62)
 j - a wand of charming (86)
 H - a wand of warping (81)
 J - a wand of mindburst (20)
 R - a wand of quicksilver (61)
 T - a wand of digging (37)
Scrolls
 q - 26 scrolls of immolation
 u - 25 scrolls of teleportation
 B - 13 scrolls of fear
 E - 6 scrolls of fog
 I - 7 scrolls of summoning
 P - 22 scrolls of blinking
 V - 4 scrolls of revelation {!r}
 W - 13 scrolls of vulnerability
Potions
 d - 9 potions of might
 g - 34 potions of curing
 l - 10 potions of enlightenment
 n - 4 potions of invisibility
 p - 11 potions of resistance
 v - 7 potions of mutation
 w - 22 potions of heal wounds
 x - 5 potions of haste
 A - 11 potions of attraction
 D - 10 potions of brilliance
 F - 13 potions of lignification
 M - 8 potions of cancellation {!q}
 Q - 3 potions of ambrosia {!q}
 X - 3 potions of magic
Miscellaneous
 r - a Gell's gravitambourine (2/2)
 s - a phantom mirror
 z - a lightning rod (4/4)
 N - a tin of tremorstones (2/2)
 U - a figurine of a ziggurat
 Z - a box of beasts


   Skills:
 + Level 22.5 Fighting
 - Level 10.0 Throwing
 - Level 10.0 Armour
 + Level 24.7 Dodging
 - Level 15.0 Stealth
 - Level 15.0 Shields
 O Level 27 Spellcasting
 O Level 27 Conjurations
 - Level 5.0 Necromancy
 - Level 5.0 Translocations
 O Level 27 Fire Magic
 - Level 5.0 Ice Magic
 O Level 27 Air Magic
 - Level 23.0 Earth Magic
 - Level 5.0 Alchemy
 O Level 27 Evocations


You couldn't memorise any spells.
You knew the following spells:

 Your Spells              Type           Power      Damage    Failure   Level
b - Plasma Beam           Fire/Air       81%        2x1d99    0%          6
c - Ignition              Fire           81%        3d21      1%          8
d - Irradiate             Conj/Alch      82%        3d39      1%          5
e - Fireball              Conj/Fire      95%        3d35      0%          5
g - Lehudib's Crystal Sp  Conj/Erth      93%        10d20     1%          8
o - Ozocubu's Armour      Ice            100%       N/A       1%          3
v - Blink                 Tloc           100%       N/A       1%          2
w - Iskenderun's Mystic   Conj/Tloc      100%       2d19      (+2d10%     4
z - Sublimation of Blood  Necr           100%       N/A       1%          2
A - Apportation           Tloc           100%       N/A       1%          1
B - Starburst             Conj/Fire      95%        6d24      0%          6
E - Shatter               Erth           77%        3d56*     1%          9
Q - Fire Storm            Conj/Fire      95%        8d24      1%          9
W - Chain Lightning       Conj/Air       95%        3d126     1%          9
X - Passwall              Erth           100%       N/A       0%          3

Your spell library contained the following spells:

 Spells                   Type           Power      Damage    Failure   Level
 Foxfire                  Conj/Fire      100%       2x1d9     0%          1
 Magic Dart               Conj           100%       1d8       0%          1
 Sandblast                Erth           100%       2d20      0%          1
 Shock                    Conj/Air       100%       1d9       0%          1
 Sting                    Conj/Alch      100%       1d9       0%          1
 Cigotuvi's Dreadful Rot  Necr/Alch/Air  100%       N/A       0%          2
 Mercury Vapours          Alch/Air       100%       N/A       0%          2
 Momentum Strike          Conj/Tloc      100%       3d10      0%          2
 Scorch                   Fire           100%       2d9       0%          2
 Searing Ray              Conj           100%       2d8       0%          2
 Static Discharge         Conj/Air       100%       3-8/arc   0%          2
 Hailstorm                Conj/Ice       100%       3d16      0%          3
 Inner Flame              Hex/Fire       100%       N/A       0%          3
 Mephitic Cloud           Conj/Alch/Air  100%       N/A       0%          3
 Stone Arrow              Conj/Erth      100%       3d13      0%          3
 Swiftness                Air            100%       N/A       0%          3
 Volatile Blastmotes      Fire/Tloc      100%       2d18      0%          3
 Airstrike                Air            81%        2d(12-28) 0%          4
 Brom's Barrelling Bould  Conj/Erth      100%       2d11      0%          4
 Flame Wave               Conj/Fire      100%       2d21      0%          4
 Fulminant Prism          Conj/Alch      82%        3d33      0%          4
 Ignite Poison            Fire/Alch      100%       N/A       0%          4
 Sticky Flame             Fire/Alch      100%       2d15      0%          4
 Arcjolt                  Conj/Air       95%        1d105     0%          5
 Freezing Cloud           Conj/Ice/Air   87%        6-21      0%          5
 Iskenderun's Battlesphe  Conj           100%       2d15      0%          5
 Lee's Rapid Deconstruct  Erth           77%        3d35*     0%          5
 Bombard                  Conj/Erth      93%        9d15      0%          6
 Conjure Ball Lightning   Conj/Air       95%        3x3d36    0%          6
 Orb of Destruction       Conj           95%        9d20      0%          7
 Freeze                   Ice            100%       1d10      1%          1
 Necrotise                Necr           100%       1d9       1%          1
 Slow                     Hex            100%       N/A       1%          1
 Summon Small Mammal      Summ           100%       N/A       1%          1
 Call Imp                 Summ           100%       N/A       1%          2
 Ensorcelled Hibernation  Hex/Ice        100%       N/A       1%          2
 Jinxbite                 Hex            100%       N/A       1%          2
 Lesser Beckoning         Tloc           100%       N/A       1%          2
 Frozen Ramparts          Ice            100%       1d16      1%          3
 Fugue of the Fallen      Necr           100%       N/A       1%          3
 Maxwell's Portable Pile  Tloc           100%       2d(15-43) 1%          3
 Summon Ice Beast         Ice/Summ       87%        N/A       1%          3
 Teleport Other           Tloc           100%       N/A       1%          3
 Vampiric Draining        Necr           100%       2d13      1%          3
 Animate Armour           Summ/Erth      100%       N/A       1%          4
 Animate Dead             Necr           100%       N/A       1%          4
 Leda's Liquefaction      Alch/Erth      66%        N/A       1%          4
 Olgreb's Toxic Radiance  Alch           100%       N/A       1%          4
 Passage of Golubria      Tloc           100%       N/A       1%          4
 Petrify                  Alch/Erth      100%       N/A       1%          4
 Summon Blazeheart Golem  Fire/Summ      100%       N/A       1%          4
 Summon Lightning Spire   Summ/Air       100%       N/A       1%          4
 Vhi's Electric Charge    Tloc/Air       100%       N/A       1%          4
 Borgnjor's Vile Clutch   Necr/Erth      66%        N/A       1%          5
 Silence                  Hex/Air        65%        N/A       1%          5
 Permafrost Eruption      Ice/Erth       66%        2x4d15    1%          6
 Spellforged Servitor     Conj/Summ      78%        N/A       1%          7
 Maxwell's Capacitive Co  Air            81%        ∞         1%          8
 Call Canine Familiar     Summ           72%        N/A       2%          3
 Confusing Touch          Hex            72%        N/A       2%          3
 Sigil of Binding         Hex            72%        N/A       2%          3
 Tukima's Dance           Hex            72%        N/A       2%          3
 Yara's Violent Unravell  Hex/Alch       43%        3d17      2%          5
 Anguish                  Hex/Necr       43%        N/A       3%          4
 Dimensional Bullseye     Hex/Tloc       43%        N/A       3%          4
 Martyr's Knell           Necr/Summ      87%        N/A       3%          4
 Alistair's Intoxication  Alch           66%        N/A       3%          5
 Curse of Agony           Necr           100%       N/A       3%          5
 Eringya's Noxious Bog    Alch           50%        4d6       4%          6
 Cause Fear               Hex            36%        N/A       9%          4
 Metabolic Englaciation   Hex/Ice        43%        N/A       9%          5
 Summon Forest            Summ/Tloc      43%        N/A       9%          5
 Death Channel            Necr           50%        N/A       16%         6
 Dispersal                Tloc           50%        N/A       16%         6
 Gell's Gavotte           Tloc           50%        2d(34-50) 16%         6
 Sculpt Simulacrum        Ice/Alch       50%        N/A       16%         6
 Ozocubu's Refrigeration  Ice            50%        4d18      21%         7
 Summon Mana Viper        Hex/Summ       72%        N/A       22%         5
 Manifold Assault         Tloc           50%        N/A       63%         7
 Summon Cactus Giant      Summ           36%        N/A       75%         6
 Haunt                    Necr/Summ      43%        N/A       91%         7
 Malign Gateway           Summ/Tloc      43%        N/A       91%         7
 Enfeeble                 Hex            36%        N/A       99%         7
 Monstrous Menagerie      Summ           36%        N/A       99%         7
 Summon Hydra             Summ           36%        N/A       99%         7
 Borgnjor's Revivificati  Necr           50%        N/A       99%         8
 Disjunction              Tloc           50%        N/A       99%         8
 Infestation              Necr           50%        N/A       99%         8
 Polar Vortex             Ice            50%        12d6*     99%         9
 Discord                  Hex            36%        N/A       100%        8
 Summon Horrible Things   Summ           36%        N/A       100%        8
 Death's Door             Necr           50%        N/A       100%        9
 Dragon's Call            Summ           36%        N/A       100%        9


Dungeon Overview and Level Annotations

Branches:
Dungeon (15/15)            Temple (1/1) D:5            Lair (5/5) D:10
 Shoals (4/4) Lair:3        Snake (4/4) Lair:3        Slime (5/5) Lair:4
    Orc (2/2) D:11            Elf (3/3) Orc:2        Vaults (5/5) D:14
  Crypt (3/3) Vaults:3       Tomb (3/3) Crypt:3      Depths (4/4) D:15
   Hell (visited)             Dis (7/7) Hell            Geh (7/7) Hell
    Coc (7/7) Hell            Tar (7/7) Hell            Zot (5/5) Depths:4
  Sewer (visited)           IceCv (visited)          WizLab (visited)

Altars:
Ashenzari
Cheibriados
Dithmenos
Elyvilon
Fedhas
Gozag
Hepliaklqana
Kikubaaqudgha
Makhleb
Nemelex Xobeh
Okawaru
Qazlal
Ru
Sif Muna
Trog
Uskayaw
Vehumet
Wu Jian
Xom
Yredelemnul
Zin
The Shining One
Beogh

Shops:
D:4 ***   D:7 (   D:10 *   Orc:2 *=!=   Elf:2 ?   Elf:3 :[[?   Shoals:1 :
Snake:2 *   Snake:3 =?   Vaults:3 =*?   Vaults:4 [   Depths:4 ((

Portals:
Hell: Depths:1 Depths:2 Depths:3 Depths:4
Abyss: Depths:2 Depths:3
Pandemonium: Depths:1 Depths:2 Depths:3 Depths:4
Ziggurat: Depths:4


Innate Abilities, Weirdness & Mutations

You are partially covered in iridescent scales. (AC +2)
You possess an exceptional clarity of mind.
You are dopey. (Int -2)
You have an increased reservoir of magic. (+10% MP)


Message History

Aim: an Orb Guardian (82% to hit)
You feel a strong surge of power!
The crystal spear misses the Orb Guardian.
You now have 53/61 mp.
Casting: Lehudib's Crystal Spear (mildly dangerous; 1% risk of failure)
Confirm with . or Enter, or press ? or * to list all spells.
Aiming: Lehudib's Crystal Spear (mildly dangerous; 1% risk of failure)
Press: ? - help, Shift-Dir - straight line, f/p - Orb Guardian
Aim: an Orb Guardian (82% to hit)
You feel a strong surge of power!
The crystal spear misses the Orb Guardian.
You block the Orb Guardian's attack.
You now have 45/61 mp.
Casting: Lehudib's Crystal Spear (mildly dangerous; 1% risk of failure)
Confirm with . or Enter, or press ? or * to list all spells.
Aiming: Lehudib's Crystal Spear (mildly dangerous; 1% risk of failure)
Press: ? - help, Shift-Dir - straight line, f/p - Orb Guardian
Aim: an Orb Guardian (82% to hit)
You feel a strong surge of power!
The crystal spear misses the Orb Guardian.
You block the Orb Guardian's attack. x2
You now have 38/61 mp.
Casting: Lehudib's Crystal Spear (mildly dangerous; 1% risk of failure)
Confirm with . or Enter, or press ? or * to list all spells.
Aiming: Lehudib's Crystal Spear (mildly dangerous; 1% risk of failure)
Press: ? - help, Shift-Dir - straight line, f/p - Orb Guardian
Aim: an Orb Guardian (82% to hit)
You feel a strong surge of power!
The crystal spear hits the Orb Guardian!!!!
You kill the Orb Guardian!
Vehumet accepts your kill.
You feel your power returning.
You now have 34/61 mp.
Casting: Lehudib's Crystal Spear (mildly dangerous; 1% risk of failure)
Confirm with . or Enter, or press ? or * to list all spells.
You can't see any susceptible monsters within range! (Use Z to cast anyway.)
There is an open door here.
There is a stone staircase leading up here.
You fly upwards.
There is a stone staircase leading down here.
You see here an adder skeleton.
There is a stone staircase leading up here.
You fly upwards.
There is a stone staircase leading down here.
Magic restored.
An orange demon comes into view.
MP restored: 61
Casting: Lehudib's Crystal Spear (mildly dangerous; 1% risk of failure)
Confirm with . or Enter, or press ? or * to list all spells.
Aiming: Lehudib's Crystal Spear (mildly dangerous; 1% risk of failure)
Press: ? - help, Shift-Dir - straight line, f - orange demon
Aim: an orange demon (92% to hit)
You feel a strong surge of power!
The crystal spear hits the orange demon!!!!
You kill the orange demon!
Vehumet accepts your kill.
You feel your power returning.
You now have 54/61 mp.
A demonspawn corrupter and a shadow demon come into view.
You regained 3 mp, and now have 57/61 mp.
Casting: Lehudib's Crystal Spear (mildly dangerous; 1% risk of failure)
Confirm with . or Enter, or press ? or * to list all spells.
Aiming: Fire Storm (mildly dangerous; 1% risk of failure)
Press: ? - help, Dir - move target You feel a strong surge of power!
A raging storm of fire appears!
The great blast of fire engulfs the shadow demon!!!!
You kill the shadow demon!
Vehumet accepts your kill.
You feel your power returning.
The great blast of fire engulfs the demonspawn corrupter!!!!
You kill the demonspawn corrupter!
Vehumet accepts your kill.
You feel your power returning.
Your fire vortex moves out of view.
You regained 3 mp, and now have 60/61 mp.
A demonspawn blood saint comes into view.
It is wielding a +1 dagger of draining.
Casting: Fire Storm (mildly dangerous; 1% risk of failure)
Confirm with . or Enter, or press ? or * to list all spells.
You feel a strong surge of power! Lightning arcs from your hands!
The bolt of lightning hits the demonspawn blood saint!!!
You kill the demonspawn blood saint!
Vehumet accepts your kill. The bolt of lightning hits you! You resist.
You take 8 damage, and have 178/186 hp.
You now have 49/61 mp.
Unknown command.
You regained 2 hp, and now have 180/186 hp.
Things that are here:
a +0 scale mail; a +0 dire flail; a demonspawn corpse HP restored.
You see here a jackal skeleton.
There is a stone staircase leading up here.
You fly upwards.
There is a stone staircase leading down here.
Magic restored.
There is an open door here.
There is a large open door here.
There is a staircase leading out of the dungeon here.
Health restored: 186; MP restored: 61 Unknown command.
Unknown command.
You have escaped!

#....~~≈~~~≈~~~~≈~~~≈~~≈≈~~~...#
.....~≈≈≈≈≈≈≈≈≈≈~≈≈≈≈≈≈≈≈≈≈~...#
.#...~≈≈≈≈≈≈≈≈≈≈~≈≈≈≈≈≈≈≈≈≈~...##
.#...~≈≈#+#+#≈≈≈≈≈≈≈#+#+#≈≈~...#.
.#...~≈≈+...##+###+##...+≈≈≈...#.
.....≈≈≈+...#.......#...+≈≈~...#.
.....~≈≈#+#'#.#####.###'#≈≈~...#.
.#....~≈≈≈#...#...#...'≈≈≈≈~...##
.#..⌠..~≈~'.⌠.'.@.###.#≈≈≈≈~...##
##..⌠..~~≈'.⌠.'...###.#≈≈≈≈~...#.
#....~~≈≈#...#...#...'≈≈≈≈~...#.
##...~~≈#+###.#####.###'#≈≈~...#.
##...~~≈+...'.......+...+≈≈~...#.
.....~≈≈+>..##'###+##..(+≈≈≈...#.
#....~≈≈#+#+#≈≈≈≈≈≈≈#+#+#≈≈~...#.
##...~≈≈≈≈≈≈≈≈≈≈≈≈≈≈≈≈≈≈≈≈≈~...#.
#....≈≈≈≈≈≈≈≈≈≈≈≈≈≈≈≈≈≈≈≈≈≈~...##


There were no monsters in sight!

Vanquished Creatures
  Cerebov (Pan)
  the Royal Jelly (Slime:5)
  Asmodeus (Geh:7)
  Antaeus (Coc:7)
  Gloorx Vloq (Pan)
  Ereshkigal (Tar:7)
  Mnoleg (Pan)
  Lom Lobon (Pan)
  the Serpent of Hell (Coc:7)
  Frederick (Vaults:3)
  Dispater (Dis:7)
  3 orbs of fire (Zot:5)
  11 ancient liches
  4 dread liches
  Khufu (Crypt:3)
  Mennas (Pan)
  Sojobo (Depths:2)
  30 royal mummies
  Bai Suzhen (Depths:2)
  A Head Instructor (WizLab)
  4 Killer Klowns (Zot:5)
  16 shard shrikes
  Geryon (Hell)
  5 curse toes
  10 pandemonium lords
  8 golden dragons
  22 caustic shrikes
  9 profane servitors
  12 bone dragons
  22 hellephants
  5 doom hounds
  20 Tzitzimimeh
  A shard shrike zombie (Crypt:2)
  2 electric golems (Zot:5)
  12 iron giants
  19 Brimstone Fiends
  5 liches
  25 tentacled monstrosities
  24 Hell Sentinels
  22 Ice Fiends
  19 tainted leviathans
  28 Orb Guardians
  3 deep elf blademasters
  11 titans
  A walking earthen tome (Depths:1)
  A walking divine tome (Depths:3)
  3 walking frostbound tomes (Pan)
  20 acid blobs
  11 quicksilver dragons
  2 deep elf master archers (Elf:3)
  20 searing wretches
  2 krakens
  12 sphinxes
  22 ancient champions
  A tentacled starspawn (Abyss:4)
  16 death cobs
  32 Executioners
  16 shadow dragons
  9 tengu reavers
  Kirke (Snake:1)
  16 storm dragons
  Aizul (Snake:1)
  6 revenants
  35 fire giants
  8 rockslimes
  The ghost of Toetung the Sorcerer, an adept DECj of Vehumet (Shoals:2)
  11 nagarajas
  8 protean progenitors
  13 demonspawn warmongers (Pan)
  6 draconian monks
  17 quicksilver elementals
  31 narguns
  25 azure jellies
  20 frost giants
  8 draconian knights
  13 iron dragons
  5 draconian shifters
  19 vault wardens
  39 balrugs
  7 deep elf sorcerers
  15 shard shrike simulacra
  6 deep elf elementalists (Elf:3)
  4 curse skulls
  10 draconian stormcallers
  3 orc warlords
  3 spectral caustic shrikes
  10 draconian scorchers
  An angel (Shoals:3)
  3 ghouls (Crypt:2)
  39 reapers
  5 draconian annihilators
  3 spriggan defenders
  The ghost of Dega the Crack Shot, an adept SpHu of Dithmenos (Elf:1)
  3 caustic shrike zombies
  6 ghost moths (Zot:4)
  8 quicksilver oozes
  25 ironbound preservers
  16 demonspawn blood saints
  22 cacodemons (Pan)
  5 demonspawn corrupters
  3 caustic shrike skeletons
  5 juggernaut skeletons
  33 very ugly things
  8 formless jellyfish
  3 ironbound thunderhulks
  10 stone giants
  9 black draconians
  An apis (Shoals:4)
  7 vampire knights
  11 green draconians
  5 deep elf demonologists
  17 demonspawn black suns (Pan)
  36 elemental wellsprings
  A dire elephant (Vaults:4)
  11 deep elf death magi
  19 lorocyprocas
  8 yellow draconians
  37 putrid mouths
  55 war gargoyles
  5 deep elf annihilators
  9 purple draconians
  11 red draconians
  Azrael (Elf:2)
  4 starcursed masses (Abyss:4)
  7 spark wasps
  19 wendigos
  6 bennus (Tomb:3)
  28 iron golems
  9 white draconians
  18 green deaths
  22 mummy priests
  13 ettins
  3 crystal guardians (Vaults:4)
  7 eidola
  A kraken zombie (Hell)
  Snorg (D:11)
  33 blizzard demons
  4 deep elf high priests
  15 merfolk impalers
  15 yaktaur captains
  8 merfolk javelineers
  2 entropy weavers (Vaults:3)
  5 fire dragons
  10 great orbs of eyes
  A shambling mangrove (Abyss:4)
  A spectral spriggan (Tar:1)
  An entropy weaver (shapeshifter) (D:15)
  39 vault guards
  A spectral fenstrider witch (Tar:1)
  6 jiangshi
  4 spriggan zombies
  4 peacekeepers
  2 spectral shadow dragons (Tar:1)
  7 hell beasts
  3 salamander tyrants
  Erolcha (D:10)
  The ghost of Abbadon the Nimble, a journeyman GnWn of Dithmenos (Lair:1)
  2 hydras
  13 caustic shrike simulacra
  An ogre mage (Vaults:5)
  2 spriggan skeletons
  2 ghost crabs (Abyss:4)
  7 ice dragons
  8 centaur warriors
  9 juggernaut simulacra
  3 rakshasas
  5 spriggan air magi
  6 merfolk avatars
  8 stokers
  9 ironbound frosthearts
  10 merfolk aquamancers
  3 catoblepae
  8 anacondas
  21 dancing weapons
  8 deep troll shamans
  2 death knights (Crypt:1)
  An alligator snapping turtle (Shoals:3)
  5 two-headed ogres
  4 tengu warriors
  A spectral naga (Tar:6)
  A two-headed ogre (shapeshifter) (Depths:4)
  4 boulder beetles
  11 death yaks
  5 deep troll earth magi
  A satyr (Shoals:2)
  44 hell hogs
  93 death scarabs
  A titan zombie (Tomb:3)
  26 demonic crawlers
  4 spectral dire elephants
  5 orc high priests
  4 spriggan berserkers
  12 shock serpents
  Urug (D:11)
  3 spectral emperor scorpions (Pan)
  3 vampire magi
  A quicksilver ooze zombie (Crypt:1)
  3 occultists
  18 naga sharpshooters
  2 spriggans
  A spectral storm dragon (Tar:1)
  13 naga warriors
  102 sun demons
  2 wretched stars (Abyss:4)
  19 deep elf knights
  32 hell knights
  A skyshark (shapeshifter) (Depths:4)
  17 crystal echidnas
  8 skysharks
  2 goliath frogs
  11 iron trolls
  3 salamander mystics
  59 soul eaters
  6 hellephant skeletons (Pan)
  2 fire crabs (Abyss:4)
  39 shadow wraiths
  A spectral bunyip (Tar:2)
  3 titan skeletons (Crypt:3)
  24 sixfirhies
  29 skeletal warriors
  Lodul (D:14)
  An elf simulacrum (Coc:2)
  A deep troll (shapeshifter) (Elf:1)
  79 deep trolls
  3 cherubim (Shoals:4)
  17 mana vipers
  28 sea snakes
  An anaconda zombie (Hell)
  2 arcanists
  A swamp dragon (Pan)
  11 deep elf archers
  11 quicksilver dragon simulacra
  11 shadow demons
  A spectral hydra (Tar:1)
  A mana viper (shapeshifter) (Depths:2)
  9 flayed ghosts
  A spectral anaconda (Tar:1)
  A kraken simulacrum (Hell)
  4 glowing orange brains
  20 ironbound convokers
  7 naga ritualists
  An anaconda skeleton (Hell)
  8 spriggan simulacra
  2 lindwurms (shapeshifter)
  13 sun moths (Pan)
  20 phantasmal warriors
  9 necromancers
  16 harpies
  11 lindwurms
  28 deep elf zephyrmancers
  42 large abominations
  11 orc knights
  6 orc sorcerers (Orc:2)
  6 fauns (Shoals:2)
  6 manticores
  12 cyclopes
  An oklob plant (Lair:3)
  24 deep elf pyromancers
  20 moths of wrath
  13 salamanders
  36 ugly things
  A fenstrider witch simulacrum (Coc:1)
  A stone giant zombie (Vaults:2)
  3 shining eyes
  2 alligator zombies
  A cyclops (shapeshifter) (Elf:1)
  A goliath frog skeleton (Crypt:1)
  7 merfolk sirens
  2 apocalypse crabs (Abyss:4)
  4 Executioner simulacra (Pan)
  A centaur zombie (Crypt:2)
  A spectral alligator snapping turtle (Tar:2)
  A wolf spider (D:15)
  A water nymph (shapeshifter) (Elf:1)
  2 iron dragon skeletons (Dis:1)
  2 spectral centaurs (Tar:1)
  8 guardian serpents
  5 elephants
  14 ice statues
  A guardian serpent (shapeshifter) (Elf:1)
  16 naga magi
  4 gargoyles (Crypt:3)
  19 vault sentinels
  27 orange demons
  43 black mambas
  A formless jellyfish zombie (Crypt:2)
  7 titan simulacra
  4 water nymphs
  9 rust devils
  A toenail golem (Abyss:4)
  2 eyes of devastation (shapeshifter)
  32 hellions
  46 smoke demons
  18 cane toads
  3 eyes of devastation
  3 unseen horrors
  A dire elephant skeleton (Tomb:2)
  A yaktaur zombie (Vaults:2)
  2 naga skeletons
  A cane toad (shapeshifter) (D:13)
  6 tengu conjurers
  3 golden dragon simulacra
  6 rime drakes
  2 bunyip simulacra
  A sea snake zombie (Hell)
  7 ice devils
  8 efreet
  8 komodo dragons
  42 yaktaurs
  An orb spider zombie (Crypt:1)
  12 red devils
  2 anaconda simulacra
  19 tormentors
  An ancient zyme (Abyss:4)
  A silent spectre (Tar:2)
  5 iron giant simulacra
  15 freezing wraiths
  A human skeleton (Vaults:2)
  An alligator snapping turtle skeleton (Crypt:3)
  51 guardian mummies
  A hydra zombie (Hell)
  A komodo dragon (shapeshifter) (Vaults:5)
  A spectral harpy (Tar:4)
  4 polar bears
  A merfolk (shapeshifter) (Vaults:5)
  2 trolls (shapeshifter) (Elf:1)
  A sea snake skeleton (Crypt:2)
  16 hellwings (Pan)
  A tengu simulacrum (Vaults:2)
  26 merfolk
  31 blink frogs
  4 tyrant leeches
  An alligator simulacrum (Coc:1)
  A raiju (shapeshifter) (Elf:1)
  A spectral swamp dragon (Tar:1)
  4 wind drakes
  A tarantella zombie (Crypt:1)
  6 hornets
  A snapping turtle (shapeshifter) (Vaults:5)
  3 glass eyes
  10 snapping turtles
  2 iron dragon simulacra
  4 dream sheep
  3 stone giant simulacra
  90 slime creatures
  A jumping spider zombie (Crypt:2)
  An air elemental (Elf:1)
  An ettin skeleton (Crypt:2)
  A spectral black mamba (Tar:1)
  2 naga simulacra
  10 wraiths
  31 water elementals
  A wyvern (Lair:1)
  7 dire elephant simulacra
  13 ushabtiu
  6 shadows
  5 fire elementals
  A golden eye (shapeshifter) (Elf:3)
  A yak (shapeshifter) (Elf:1)
  37 ynoxinuls (Pan)
  3 golden eyes
  68 yaks
  Grum (Lair:1)
  4 basilisks
  A human (Lair:1)
  15 wargs
  2 steam dragons
  6 hogs (Snake:1)
  A hog (shapeshifter) (D:14)
  A wind drake skeleton (Crypt:1)
  9 vampire mosquitoes
  22 neqoxecs
  25 chaos spawn (Pan)
  Menkaure (D:7)
  A death yak simulacrum (IceCv)
  5 redbacks (Vaults:3)
  47 nagas
  16 harpy simulacra
  2 acid dragons
  8 hell hounds
  4 hydra simulacra
  18 water moccasins
  3 ice beasts
  23 orc warriors
  A cane toad skeleton (Crypt:2)
  4 sky beasts
  6 ettin simulacra
  A redback (shapeshifter) (Vaults:5)
  5 black bears
  5 laughing skulls
  14 ogres
  10 wolves
  18 boggarts
  12 centaurs
  2 kobold brigands
  17 bullfrogs
  A gnoll sergeant (D:8)
  A deep troll simulacrum (Coc:1)
  A small abomination (Abyss:4)
  An earth elemental (Elf:2)
  3 scorpions
  2 cane toad simulacra (IceCv)
  4 wights (D:9)
  6 killer bees (D:7)
  An elephant simulacrum (IceCv)
  6 howler monkeys
  A polar bear skeleton (Crypt:1)
  4 electric eels
  A yak skeleton (Crypt:2)
  A bombardier beetle (D:3)
  3 jellies
  3 hounds
  2 gnoll boudas
  28 orc priests
  3 sleepcaps
  5 iguanas
  Ijyb (D:5)
  Terence (D:3)
  11 hell rats
  31 orc wizards
  A killer bee zombie (Crypt:2)
  A boggart skeleton (Crypt:2)
  A hound zombie (Crypt:2)
  A hound skeleton (Crypt:2)
  29 mummies
  Robin (D:3)
  12 gnolls
  7 adders
  A shadow imp (D:6)
  2 white imps
  4 ufetubi (D:6)
  A lava snake zombie (Crypt:1)
  3 dart slugs
  2 ribbon worms
  92 orcs
  6 ball pythons
  7 bats
  7 endoplasms
  6 giant cockroaches
  15 goblins
  11 hobgoblins
  5 jackals
  7 quokkas
  An endoplasm zombie (Crypt:1)
  3 frilled lizards
  15 kobolds
  8 rats
  11 aspiring fleshes
  13 creeping infernos
  14 fire vortices
  A fulminant prism (D:10)
  9 tentacles
4494 creatures vanquished.

Vanquished Creatures (collateral kills)
  2 pandemonium lords (Pan)
  Norris (Vaults:1)
  Nikola (Elf:2)
  A tainted leviathan (Tar:2)
  An Orb Guardian (Zot:5)
  An acid blob (Slime:5)
  An Executioner (Pan)
  A death cob (Zot:4)
  A storm dragon (Zot:1)
  2 shadow dragons
  A protean progenitor (Pan)
  2 reapers (Pan)
  A formless jellyfish (Slime:5)
  A demonspawn black sun (Pan)
  A black draconian (Zot:4)
  A war gargoyle (Dis:7)
  A white draconian (Zot:1)
  A yellow draconian (Zot:3)
  A lorocyproca (Pan)
  A fire dragon (Depths:1)
  A caustic shrike simulacrum (Coc:7)
  An anaconda (Snake:2)
  A soul eater (Pan)
  A large abomination (Pan)
  A deep elf pyromancer (Elf:2)
  A moth of wrath (Zot:5)
  A black mamba (Snake:2)
  A harpy simulacrum (Coc:2)
31 creatures vanquished.

Vanquished Creatures (others)
  An eldritch tentacle (Pan)
  A black mamba (Snake:4)
  A shadow imp (Abyss:4)
  718 fire vortices
  107 fulminant prisms
  10 tentacles
838 creatures vanquished.

Grand Total: 5363 creatures vanquished

Notes
Turn   | Place    | Note
-------+----------+-------------------------------------------
     0 | D:1      | EngineV8 the Deep Elf Conjurer began the quest for the Orb.
     0 | D:1      | Reached XP level 1. HP: 10/10 MP: 6/6
    21 | D:1      | You fall into a shaft and drop 1 floor!
   208 | D:1      | Reached skill level 1 in Fighting
   300 | D:1      | Reached XP level 2. HP: 16/16 MP: 6/8
   303 | D:1      | Learned a level 2 spell: Searing Ray
   964 | D:1      | Reached XP level 3. HP: 20/20 MP: 5/10
  1380 | D:2      | Learned a level 2 spell: Blink
  1642 | D:2      | Reached skill level 5 in Conjurations
  1699 | D:2      | Found a sacrificial altar of Ru.
  2094 | D:3      | Reached skill level 1 in Translocations
  2094 | D:3      | Reached XP level 4. HP: 25/25 MP: 6/12
  2337 | D:3      | Noticed Terence
  2395 | D:3      | Learned a level 4 spell: Fulminant Prism
  2408 | D:3      | Learned a level 2 spell: Mercury Vapours
  2451 | D:3      | Noticed Robin
  2725 | D:3      | Reached XP level 5. HP: 29/29 MP: 12/14
  2744 | D:3      | Killed Robin
  2865 | D:3      | Reached skill level 5 in Spellcasting
  2920 | D:3      | Killed Terence
  2921 | D:3      | Reached skill level 1 in Alchemy
  3043 | D:4      | Found Ixuthiu's Assorted Antiques.
  3043 | D:4      | Found Vaugouhe's General Store.
  3043 | D:4      | Found Zuproq's General Store.
  3045 | D:4      | Bought an emerald potion for 17 gold pieces
  3045 | D:4      | Bought a viscous red potion for 17 gold pieces
  3045 | D:4      | Bought a crooked copper wand for 76 gold pieces
  3264 | D:4      | Noticed a black bear
  3398 | D:4      | Reached XP level 6. HP: 21/34 MP: 8/16
  4044 | D:4      | Noticed an ice beast
  4060 | D:4      | Killed an ice beast
  4146 | D:4      | Reached XP level 7. HP: 38/38 MP: 3/18
  4360 | D:5      | Entered Level 5 of the Dungeon
  4471 | D:5      | Found a sparkling altar of Nemelex Xobeh.
  4557 | D:5      | Found a staircase to the Ecumenical Temple.
  4563 | Temple   | Entered the Ecumenical Temple
  4576 | Temple   | Became a worshipper of Vehumet
  4607 | D:5      | Noticed Ijyb
  4622 | D:5      | Killed Ijyb
  4856 | D:5      | Reached XP level 8. HP: 43/43 MP: 6/21
  4912 | D:5      | Found a glowing drain.
  4922 | Sewer    | Entered a sewer
  4998 | Sewer    | Learned a level 3 spell: Mephitic Cloud
  5048 | Sewer    | Reached * piety under Vehumet
  5048 | Sewer    | Offered knowledge of Shock by Vehumet.
  5087 | Sewer    | Identified a scroll of acquirement
  5089 | Sewer    | Acquired the Compilation of the Vehement Maleficium
  5093 | Sewer    | Learned a level 1 spell: Apportation
  5391 | D:6      | Identified the +2 hat "Vuloeg" {-Tele Will+ MP+9 SInv}
  5427 | D:6      | Reached skill level 5 in Alchemy
  6056 | D:6      | Reached skill level 5 in Stealth
  6708 | D:7      | Found Lamolo's Antique Weapon Shoppe.
  6821 | D:4      | Bought a scroll of teleportation for 36 gold pieces
  6821 | D:4      | Bought 3 scrolls of identify for 72 gold pieces
  6912 | D:7      | Reached XP level 9. HP: 47/47 MP: 22/24
  6987 | D:7      | Learned a level 4 spell: Iskenderun's Mystic Blast
  7083 | D:7      | Reached ** piety under Vehumet
  7222 | D:7      | Offered knowledge of Scorch by Vehumet.
  7355 | D:7      | Reached skill level 10 in Spellcasting
  7459 | D:7      | Noticed an unseen horror
  7466 | D:7      | Killed an unseen horror
  7467 | D:7      | Reached skill level 10 in Conjurations
  7467 | D:7      | Reached skill level 1 in Evocations
  7477 | D:7      | Noticed Menkaure
  7483 | D:7      | Killed Menkaure
  7876 | D:8      | Reached skill level 5 in Evocations
  7994 | D:8      | Reached skill level 1 in Throwing
  8264 | D:8      | Offered knowledge of Volatile Blastmotes by Vehumet.
  8644 | D:9      | Reached XP level 10. HP: 51/52 MP: 26/26
  8870 | D:9      | Learned a level 5 spell: Fireball
  8941 | D:9      | Reached skill level 1 in Fire Magic
  9120 | D:10     | Entered Level 10 of the Dungeon
  9120 | D:10     | Noticed Erolcha
  9120 | D:10     | Found Farolaus's Assorted Antiques.
  9255 | D:10     | Noticed an elephant
  9275 | D:9      | Killed an elephant
  9275 | D:9      | Reached *** piety under Vehumet
  9468 | D:10     | Noticed a two-headed ogre
  9481 | D:10     | Killed a two-headed ogre
  9595 | D:10     | Found a staircase to the Lair.
  9595 | D:10     | Noticed an elephant
  9731 | D:10     | Bought a black potion for 29 gold pieces
  9731 | D:10     | Bought a puce potion for 29 gold pieces
  9731 | D:10     | Bought a buckler for 148 gold pieces
  9873 | D:10     | Killed Erolcha
 10196 | D:10     | Found a broken altar of Ashenzari.
 10203 | D:10     | Found a burning altar of Makhleb.
 10508 | D:10     | Killed an elephant
 10607 | D:11     | Noticed a two-headed ogre
 10614 | D:11     | Killed a two-headed ogre
 10615 | D:11     | Reached skill level 5 in Fire Magic
 10763 | D:11     | Noticed a cyclops
 10772 | D:11     | Killed a cyclops
 10773 | D:11     | Reached XP level 11. HP: 51/56 MP: 16/29
 11338 | D:11     | Noticed Snorg
 11356 | D:11     | Killed Snorg
 11359 | D:11     | Noticed Urug
 11380 | D:11     | Killed Urug
 11711 | D:11     | Offered knowledge of Flame Wave by Vehumet.
 11856 | D:11     | Found a staircase to the Orcish Mines.
 11952 | D:11     | Noticed a two-headed ogre
 11957 | D:11     | Killed a two-headed ogre
 12044 | D:11     | Learned a level 7 spell: Orb of Destruction
 13314 | D:12     | Reached **** piety under Vehumet
 13623 | D:12     | Reached XP level 12. HP: 60/60 MP: 21/30
 13855 | D:12     | Offered knowledge of Irradiate by Vehumet.
 13863 | D:12     | Learned a level 5 spell: Irradiate
 14055 | Lair:1   | Entered Level 1 of the Lair of Beasts
 14097 | Lair:1   | Reached skill level 10 in Fire Magic
 15044 | Lair:1   | Found a runed translucent gate.
 15045 | Lair:1   | Found a runed translucent gate.
 15045 | Lair:1   | Found a runed translucent gate.
 15048 | Lair:1   | Noticed Abbadon's ghost (journeyman GnWn)
 15235 | Lair:1   | Noticed Grum
 15238 | Lair:1   | Killed Grum
 15305 | Lair:1   | Found a runed translucent door.
 15305 | Lair:1   | Noticed a reaper
 15598 | Lair:2   | Reached ***** piety under Vehumet
 15602 | Lair:2   | Reached skill level 15 in Spellcasting
 15603 | Lair:2   | Offered knowledge of Ozocubu's Refrigeration by Vehumet.
 15995 | Lair:2   | Found a burning altar of Makhleb.
 16038 | Lair:2   | Reached skill level 15 in Conjurations
 16038 | Lair:2   | Reached XP level 13. HP: 65/65 MP: 33/34
 16704 | Lair:3   | Found a staircase to the Snake Pit.
 16989 | Lair:3   | Learned a level 5 spell: Freezing Cloud
 17121 | Lair:3   | Reached skill level 1 in Air Magic
 17126 | Lair:3   | Offered knowledge of Ignite Poison by Vehumet.
 17968 | Lair:3   | Found a staircase to the Shoals.
 18203 | Lair:4   | Reached skill level 5 in Air Magic
 18678 | Lair:4   | Found a staircase to the Slime Pits.
 19109 | Lair:5   | Entered Level 5 of the Lair of Beasts
 19122 | Lair:5   | Reached XP level 14. HP: 68/74 MP: 26/37
 19300 | Lair:5   | Identified the +9 whip "Ruiqeaso" {heavy, rElec Will+ Dex+3
                  | Stlth+}
 19432 | Lair:5   | Offered knowledge of Yara's Violent Unravelling by Vehumet.
 19664 | Lair:5   | Found the ring of Shadows {Umbra +Inv Stlth+}
 19749 | Lair:5   | Reached skill level 10 in Stealth
 20431 | Lair:1   | Killed Abbadon's ghost
 20618 | D:4      | Bought 2 scrolls of identify for 48 gold pieces
 20619 | D:4      | Reached XP level 15. HP: 78/78 MP: 40/40
 20778 | Orc:1    | Entered Level 1 of the Orcish Mines
 20783 | Orc:1    | Found a frozen archway.
 20933 | IceCv    | Entered an ice cave
 20942 | IceCv    | Found a transporter.
 20953 | IceCv    | Found a transporter.
 21097 | Orc:1    | Found a roughly hewn altar of Beogh.
 21269 | Orc:1    | Identified the ring "Vasyrph" {rPois rC+ Slay+2}
 21483 | Orc:2    | Entered Level 2 of the Orcish Mines
 22035 | Orc:2    | Offered knowledge of Conjure Ball Lightning by Vehumet.
 22069 | Orc:2    | Found Icasubo's Jewellery Emporium.
 22340 | Orc:2    | Found Taigg's Assorted Antiques.
 22454 | Orc:2    | Found Juruos's Distillery.
 22476 | Orc:2    | Bought a potion of lignification for 42 gold pieces
 22486 | Orc:2    | Found a roughly hewn altar of Beogh.
 22550 | Orc:2    | Found Zosmeow's Jewellery Shoppe.
 22553 | Orc:2    | Found Piza's Distillery.
 22635 | Orc:2    | Bought a potion of magic for 96 gold pieces
 22635 | Orc:2    | Bought a potion of resistance for 120 gold pieces
 22635 | Orc:2    | Bought a potion of heal wounds for 60 gold pieces
 22635 | Orc:2    | Bought a potion of magic for 96 gold pieces
 22635 | Orc:2    | Bought 2 potions of curing for 72 gold pieces
 22635 | Orc:2    | Bought a potion of lignification for 36 gold pieces
 22635 | Orc:2    | Bought a potion of brilliance for 48 gold pieces
 22751 | Orc:2    | Found a staircase to the Elven Halls.
 23041 | Orc:2    | Reached skill level 5 in Translocations
 23092 | Orc:2    | Bought the ring of Orossuush {Fly rElec rC+ rCorr SInv} for
                  | 676 gold pieces
 23439 | D:4      | Bought the +3 leather armour of Fedhas, Shrinking {rF+
                  | Dex+2} for 422 gold pieces
 23672 | Shoals:1 | Entered Level 1 of the Shoals
 24135 | Shoals:1 | Reached XP level 16. HP: 75/83 MP: 21/42
 24412 | Shoals:1 | Found Liojiych's Book Boutique.
 24834 | Shoals:1 | Noticed a tentacled monstrosity
 24942 | Shoals:1 | Noticed a kraken
 24968 | Shoals:1 | Killed a kraken
 24969 | Shoals:1 | Reached skill level 5 in Dodging
 25073 | Shoals:1 | Killed a tentacled monstrosity
 25159 | Shoals:1 | Got Rafoon's Secrets of Mad Ravings
 25161 | Shoals:1 | Identified the ring "Archasm" {*Slow rC+ rCorr Dex+7}
 25482 | Shoals:2 | Reached ****** piety under Vehumet
 25497 | Shoals:2 | Offered knowledge of Starburst by Vehumet.
 25593 | Shoals:1 | Learned a level 6 spell: Starburst
 26163 | Shoals:2 | Found a runed translucent door.
 26166 | Shoals:2 | Noticed Toetung's ghost (adept DECj)
 26658 | Shoals:3 | Reached skill level 10 in Dodging
 27316 | Shoals:3 | Reached skill level 5 in Fighting
 28086 | Shoals:4 | Entered Level 4 of the Shoals
 29007 | Shoals:4 | Found a glowing golden altar of the Shining One.
 29020 | Shoals:4 | Reached XP level 17. HP: 59/97 MP: 13/43
 30010 | Shoals:4 | Got a barnacled rune of Zot
 30043 | Shoals:4 | Identified the ring "Woiciarr" {rF+ Int+3}
 30467 | Shoals:4 | Found a glowing silver altar of Zin.
 30635 | Shoals:4 | Offered knowledge of Bombard by Vehumet.
 30636 | Shoals:4 | Reached skill level 10 in Fighting
 30682 | Shoals:4 | Found a white marble altar of Elyvilon.
 30694 | Shoals:4 | Got Vehumet's Almanac of Percussion
 31002 | Snake:1  | Entered Level 1 of the Snake Pit
 31003 | Snake:1  | Noticed Kirke
 31010 | Snake:1  | Killed Kirke
 31191 | D:4      | Bought a Gell's gravitambourine (2/2) for 480 gold pieces
 31828 | Snake:1  | Identified the +0 scale mail of the Furies {Stlth+}
 32059 | Snake:2  | Identified the serpent talisman of Coac {Int-2 Dex+4}
 32059 | Snake:2  | Noticed Aizul
 32395 | Snake:1  | Killed Aizul
 33012 | Snake:2  | Found Ulim's General Store.
 33896 | Shoals:2 | Killed Toetung's ghost
 34017 | Shoals:2 | Identified the orb "Unuzih" {light, Regen+ Stlth+}
 34257 | Snake:3  | Reached skill level 15 in Fire Magic
 34334 | Snake:3  | Offered knowledge of Lehudib's Crystal Spear by Vehumet.
 34502 | Snake:3  | Learned a level 8 spell: Lehudib's Crystal Spear
 34551 | Snake:3  | Reached skill level 1 in Earth Magic
 34915 | Snake:3  | Found Reube's Magic Scroll Boutique.
 34915 | Snake:3  | Found Simaq's Jewellery Shop.
 34982 | Snake:3  | Bought 2 scrolls of blinking for 195 gold pieces
 34982 | Snake:3  | Bought a scroll of fear for 52 gold pieces
 35176 | Snake:3  | Reached XP level 18. HP: 107/107 MP: 31/44
 35609 | Snake:4  | Entered Level 4 of the Snake Pit
 35722 | Snake:4  | Acquired 1266 gold pieces
 35964 | D:4      | Bought a potion of curing for 36 gold pieces
 35964 | D:4      | Bought a phantom mirror for 480 gold pieces
 36250 | Snake:4  | Offered knowledge of Fire Storm by Vehumet.
 36250 | Snake:4  | Offered knowledge of Ignition by Vehumet.
 36250 | Snake:4  | Offered knowledge of Maxwell's Capacitive Coupling by
                  | Vehumet.
 36636 | Snake:4  | Reached skill level 5 in Earth Magic
 38107 | Snake:4  | Got a serpentine rune of Zot
 39108 | D:14     | Noticed Lodul
 39110 | D:14     | Killed Lodul
 39431 | D:14     | Identified the +0 robe "Mazaeb" {Dex-3 Slay+2 SInv Stlth+}
 39894 | D:14     | Found a gate to the Vaults.
 40081 | D:15     | Entered Level 15 of the Dungeon
 40333 | D:15     | Reached XP level 19. HP: 112/112 MP: 28/46
 40688 | D:15     | Found a staircase to the Depths.
 40703 | D:15     | Identified the +6 plate armour of Day {Regen+}
 40980 | Elf:1    | Entered Level 1 of the Elven Halls
 41177 | Elf:1    | Found a transporter.
 41181 | Elf:1    | Noticed Dega's ghost (adept SpHu)
 41194 | Elf:1    | Found a transporter.
 41923 | Elf:2    | Identified the +1 robe "Nyefuhua" {Str+6}
 42065 | Elf:2    | Identified the blade talisman of Kaeb {rElec rPois Int+3
                  | Dex-4}
 42187 | Elf:2    | Found a runed translucent gate.
 42187 | Elf:2    | Found a runed translucent gate.
 42187 | Elf:2    | Found a runed translucent gate.
 42424 | Elf:2    | Found Qolaa's Magic Scroll Boutique.
 42723 | Elf:2    | Noticed Nikola
 42730 | Elf:2    | Noticed Azrael
 42736 | Elf:2    | Killed Nikola
 42876 | Elf:2    | Reached skill level 10 in Earth Magic
 42886 | Elf:2    | Killed Azrael
 43283 | Elf:3    | Entered Level 3 of the Elven Halls
 43340 | Elf:3    | Found Ziceph's Magic Scroll Shoppe.
 43347 | Elf:3    | Bought a scroll of revelation for 120 gold pieces
 43347 | Elf:3    | Bought a scroll of summoning for 152 gold pieces
 43347 | Elf:3    | Bought a scroll of teleportation for 48 gold pieces
 43347 | Elf:3    | Bought a scroll of immolation for 64 gold pieces
 43413 | Elf:3    | Found Quaberank's Book Shoppe.
 43415 | Elf:3    | Found Vytenk's Armour Emporium.
 43432 | Elf:3    | Found Hekom's Armour Shoppe.
 43435 | Elf:3    | Bought a book of Blood for 420 gold pieces
 43442 | Elf:3    | Learned a level 2 spell: Sublimation of Blood
 43508 | Elf:3    | Reached skill level 1 in Necromancy
 43989 | Elf:3    | Reached XP level 20. HP: 80/117 MP: 10/48
 44391 | Elf:3    | Identified the amulet "Ewena" {Spirit rF+ Will- Str+7
                  | Dex+3}
 44689 | Elf:3    | Identified the +3 dagger of Midsummer {flame, ^Drain rF++
                  | Dex+4}
 44710 | Elf:3    | Identified the +5 broad axe of Xom's Grace {antimagic,
                  | Int+6}
 44714 | Elf:3    | Reached skill level 5 in Necromancy
 44732 | Elf:3    | Found the +27 heavy crossbow "Sniper" {heavy, Acc+∞ SInv}
 44733 | Elf:3    | Identified the +2 cloak of Greater Demons {Int+3 Stlth+}
 44778 | Elf:3    | Identified the amulet "Moistrome" {Acrobat Fly MP+9}
 44909 | Elf:1    | Learned a level 9 spell: Fire Storm
 45263 | Lair:5   | Learned a level 6 spell: Plasma Beam
 45450 | Vaults:1 | Entered Level 1 of the Vaults
 45450 | Vaults:1 | Noticed Norris
 46617 | Vaults:1 | Killed Norris
 48394 | Vaults:2 | Found a runed translucent door.
 48610 | Vaults:2 | Identified the staff "Vodapped" {rF- rN+++ Hexes Earth}
 48716 | Vaults:3 | Reached XP level 21. HP: 122/122 MP: 34/50
 48790 | Vaults:3 | Found Boarytub's Magic Scroll Emporium.
 48895 | Vaults:3 | Found a flickering gateway to a bazaar.
 48913 | Bazaar   | Entered a bazaar
 48918 | Bazaar   | Found Xoiborr's Book Shop.
 48931 | Bazaar   | Found Saceimoga's Book Shop.
 48970 | Bazaar   | Bought Great Wizards, Vol. VII for 450 gold pieces
 48970 | Bazaar   | Bought a book of Power for 630 gold pieces
 49429 | Vaults:3 | Reached skill level 10 in Air Magic
 49516 | Vaults:3 | Found Voes's Assorted Antiques.
 49621 | Vaults:3 | Found Ceojibri's Jewellery Shoppe.
 49700 | Vaults:3 | Found a staircase to the Crypt.
 50299 | Vaults:3 | Identified the orb of Caustic Mirth {light, -Cast rF+
                  | rC+++}
 50299 | Vaults:3 | Noticed Frederick
 50306 | Vaults:3 | Killed Frederick
 50486 | Vaults:3 | Bought a scroll of blinking for 97 gold pieces
 50486 | Vaults:3 | Bought a scroll of fog for 52 gold pieces
 50486 | Vaults:3 | Bought a scroll of teleportation for 39 gold pieces
 50486 | Vaults:3 | Bought a scroll of revelation for 97 gold pieces
 51795 | Vaults:4 | Acquired a book of Air
 52246 | Vaults:4 | Reached XP level 22. HP: 127/127 MP: 51/51
 52376 | Vaults:4 | Found Faruil's Antique Armour Shop.
 52530 | Vaults:4 | Learned a level 8 spell: Ignition
 52592 | Vaults:4 | Bought a glowing orb for 408 gold pieces
 52842 | Slime:1  | Entered Level 1 of the Pits of Slime
 53560 | Slime:5  | Entered Level 5 of the Pits of Slime
 53787 | Slime:5  | Noticed the Royal Jelly
 53790 | Slime:5  | Killed the Royal Jelly
 54039 | Slime:5  | Identified the ring of Hem Pakked {Fly rElec rC- EV+5
                  | Dex+2}
 54063 | Slime:5  | Got the Compilation of the Quake
 54064 | Slime:5  | Identified the +6 falchion "Wiufeah" {speed, Str+2 SInv}
 54065 | Slime:5  | Identified the +9 rapier "Wosarhao" {venom, +Blink rElec
                  | rN+ Int+4}
 54067 | Slime:5  | Identified the +5 ring mail "Saddout" {*Slow rC+ Str+2}
 54071 | Slime:5  | Got a slimy rune of Zot
 54072 | Slime:5  | Identified the +5 ring mail "Icemiom" {rCorr Dex+2}
 54093 | Slime:5  | Got the Handbook of the Translocational Sphinx
 54122 | Slime:5  | Identified the +1 ring mail of Boredom {rElec rN+ Will+}
 54894 | Depths:1 | Entered Level 1 of the Depths
 55194 | Slime:5  | Learned a level 9 spell: Chain Lightning
 56118 | Depths:1 | Identified the +1 sling of Immorality {drain, +Blink rPois}
 56250 | Depths:1 | Found a one-way gate leading to the halls of Pandemonium.
 56266 | Depths:1 | Found a gateway to Hell.
 56548 | Depths:1 | Identified the ring "Zalume" {rN++ MP+9}
 56756 | Depths:1 | Noticed a golden dragon
 56775 | Depths:1 | Killed a golden dragon
 56998 | Depths:2 | Found a magical portal.
 57017 | Depths:2 | Reached XP level 23. HP: 132/132 MP: 47/52
 57129 | Depths:2 | Noticed Sojobo
 57132 | Depths:2 | Killed Sojobo
 57244 | WizLab   | Entered Yara's Duelist Academy
 57500 | WizLab   | Noticed Fonibo
 57503 | WizLab   | Killed Fonibo the Head Instructor
 57820 | WizLab   | Got Yara's Teachings on Fate
 57963 | Depths:2 | Noticed Bai Suzhen
 57966 | Depths:2 | Killed Bai Suzhen
 58339 | Depths:2 | Found a runed translucent door.
 58343 | Depths:2 | Found a runed translucent door.
 58821 | Depths:2 | Noticed a caustic shrike
 58828 | Depths:2 | Found a one-way gate to the infinite horrors of the Abyss.
 58842 | Depths:2 | Killed a caustic shrike
 59992 | Depths:3 | You are sucked into a shaft and drop 1 floor!
 59992 | Depths:4 | Entered Level 4 of the Depths
 60018 | Depths:4 | Reached XP level 24. HP: 137/137 MP: 54/54
 60465 | Depths:4 | Found a one-way gateway to a ziggurat.
 60485 | Depths:4 | Found a hide-covered altar of Uskayaw.
 60623 | Depths:4 | Found Hunap's Antique Weapon Boutique.
 60911 | Depths:4 | Found Goamoche's Weapon Boutique.
 61078 | Depths:4 | Found a gate to the Realm of Zot.
 61299 | Vaults:5 | Entered Level 5 of the Vaults
 61317 | Vaults:5 | Noticed an ancient lich
 61319 | Vaults:5 | Killed an ancient lich
 61467 | Vaults:5 | Reached skill level 15 in Air Magic
 61754 | Vaults:5 | Noticed an ancient lich
 61756 | Vaults:5 | Killed an ancient lich
 61906 | Vaults:5 | Identified the +8 short sword of the Dozen Visions {drain,
                  | Str+4}
 62038 | Vaults:5 | Noticed an ancient lich
 62040 | Vaults:5 | Killed an ancient lich
 62110 | Vaults:5 | Identified the ring of the Heron {*Slow rN+ Dex+4}
 62131 | Vaults:5 | Identified the +8 hand axe of Kefecuyzi {antimagic, Str+2
                  | Stlth+}
 62269 | Vaults:5 | Noticed a dread lich
 62271 | Vaults:5 | Killed a dread lich
 62332 | Vaults:5 | Got the Incunabulum of the Tincture and the Tempest
 62333 | Vaults:5 | Identified the +5 dagger "Xaxzen" {drain, rC+ Str+3 Int+4
                  | Dex+2}
 62578 | Vaults:5 | Identified the +2 leather armour of the Earth {rElec rC+++
                  | Str-4 Dex-4}
 62579 | Vaults:5 | Identified the +0 long sword "Ypefro" {holy, rElec rF- rC+
                  | Dex+3}
 62617 | Vaults:5 | Reached skill level 27 in Spellcasting
 62620 | Vaults:5 | Reached XP level 25. HP: 141/141 MP: 44/56
 62703 | Vaults:5 | Identified the +2 quarterstaff of Wyrd {antimagic, Str+2
                  | Int+3}
 62706 | Vaults:5 | Identified the +0 robe "Iggafas" {Harm Will++}
 63051 | Vaults:5 | Got a silver rune of Zot
 63234 | Vaults:5 | Identified the +5 war axe "Giogguwk" {drain, rC- rCorr
                  | Str+2 Int+4}
 63340 | Vaults:5 | Acquired the amulet "Bietedel" {Spirit rPois rN+ Regen+}
 63704 | Elf:1    | Killed Dega's ghost
 63709 | Elf:1    | Identified the +0 helmet "Liom Kir" {rF- Str+2 Int+2}
 63929 | Lair:1   | Identified the +4 dagger of the Hummingbird {antimagic,
                  | rPois rC+++ Dex-2 SInv}
 64103 | Crypt:1  | Entered Level 1 of the Crypt
 66361 | Crypt:3  | Entered Level 3 of the Crypt
 66976 | Crypt:3  | Noticed a royal mummy
 66976 | Crypt:3  | Noticed Khufu
 66979 | Crypt:3  | Killed a royal mummy
 66979 | Crypt:3  | Killed Khufu
 67392 | Crypt:3  | Found a staircase to the Tomb.
 67549 | Crypt:3  | Reached skill level 1 in Shields
 67639 | Crypt:3  | Got Borgnjor's Collected Works on Last Rites
 67643 | Crypt:3  | Identified the +10 shortbow of Righteous Fury {heavy, rElec
                  | rC+ Dex+2}
 68237 | Crypt:3  | Identified the +8 flail of Touten {flame, rPois Int+8}
 68404 | Crypt:3  | Found an ancient bone altar of Kikubaaqudgha.
 68411 | Crypt:3  | Noticed an ancient lich
 68413 | Crypt:3  | Killed an ancient lich
 68433 | Crypt:3  | Identified the ring "Xoteups" {Ice *Slow rN++ rCorr Slay+2}
 68433 | Crypt:3  | Identified the ring "Nekid" {^Contam rN++ Str+4 Dex+6}
 68433 | Crypt:3  | Identified the ring "Arontuh" {rN++ Str+6 Int+4}
 68678 | Crypt:2  | Learned a level 8 spell: Maxwell's Capacitive Coupling
 68682 | Crypt:2  | Learned a level 3 spell: Ozocubu's Armour
 68968 | Zot:1    | Entered Level 1 of the Realm of Zot
 69011 | Zot:1    | Reached skill level 1 in Ice Magic
 69036 | Zot:1    | Reached skill level 5 in Shields
 69195 | Zot:1    | Reached skill level 5 in Ice Magic
 69535 | Zot:1    | Reached XP level 26. HP: 130/147 MP: 48/56
 69538 | Zot:1    | Reached skill level 5 in Throwing
 70343 | Zot:2    | Identified the +4 falchion of the Throat {drain, Int+3}
                  | (You took it off a green draconian on level 2 of the Realm
                  | of Zot)
 71084 | Zot:3    | Reached skill level 10 in Shields
 72806 | Zot:5    | Entered Level 5 of the Realm of Zot
 73906 | Pan      | Entered Pandemonium
 74055 | Pan      | Gained mutation: You occasionally shout uncontrollably at
                  | your foes. [a neqoxec]
 74236 | Pan      | Found an exit through the horrors of the Abyss.
 74334 | Pan      | Noticed Gusen the pandemonium lord
 74338 | Pan      | Killed Gusen the pandemonium lord
 74347 | Pan      | Reached XP level 27. HP: 67/152 MP: 5/56
 74716 | Pan      | Found a huge runed translucent gate.
 74721 | Pan      | Found a huge runed translucent gate.
 74722 | Pan      | Found a huge runed translucent gate.
 74727 | Pan      | Found a huge runed translucent gate.
 74727 | Pan      | Found a huge runed translucent gate.
 74727 | Pan      | Found a huge runed translucent gate.
 74728 | Pan      | Found a huge runed translucent gate.
 75544 | Pan      | Noticed Coganol the pandemonium lord
 75548 | Pan      | Killed Coganol the pandemonium lord
 75660 | Pan      | Noticed Giyrian the pandemonium lord
 75668 | Pan      | Killed Giyrian the pandemonium lord
 76246 | Pan      | Found an exit through the horrors of the Abyss.
 76731 | Pan      | Noticed Kiqaxkuq the pandemonium lord
 76733 | Pan      | Killed Kiqaxkuq the pandemonium lord
 76847 | Pan      | Identified the +6 broad axe of Xaatasog {distort, rN+
                  | Will+}
 77310 | Pan      | Noticed Uciz the pandemonium lord
 77312 | Pan      | Killed Uciz the pandemonium lord
 77398 | Pan      | Noticed Mennas
 77402 | Pan      | Killed Mennas
 78261 | Pan      | Reached skill level 15 in Fighting
 78522 | Pan      | Noticed Ruclear the pandemonium lord
 78529 | Pan      | Killed Ruclear the pandemonium lord
 79075 | Pan      | Noticed Nechiaw the pandemonium lord
 79077 | Pan      | Killed Nechiaw the pandemonium lord
 79101 | Pan      | Got a demonic rune of Zot
 79620 | Pan      | Reached skill level 15 in Shields
 79722 | Pan      | Entered the realm of Mnoleg.
 79726 | Pan      | Reached skill level 1 in Armour
 79906 | Pan      | Noticed Mnoleg
 79911 | Pan      | Killed Mnoleg
 79912 | Pan      | Reached skill level 5 in Armour
 79954 | Pan      | Got a glowing rune of Zot
 80477 | Pan      | Lost mutation: You occasionally shout uncontrollably at
                  | your foes. [potion of mutation]
 80477 | Pan      | Gained mutation: You have supernaturally acute eyesight.
                  | (SInv) [potion of mutation]
 80477 | Pan      | Gained mutation: You occasionally lose the ability to drink
                  | potions when taking damage. [potion of mutation]
 80477 | Pan      | Gained mutation: You have large cloven feet. [potion of
                  | mutation]
 80478 | Pan      | Lost mutation: You occasionally lose the ability to drink
                  | potions when taking damage. [potion of mutation]
 80478 | Pan      | Lost mutation: You have large cloven feet. [potion of
                  | mutation]
 80478 | Pan      | Gained mutation: Your body sometimes deteriorates upon
                  | taking damage. [potion of mutation]
 80478 | Pan      | Gained mutation: You are strong-willed. (Will+) [potion of
                  | mutation]
 80479 | Pan      | Lost mutation: You are strong-willed. (Will+) [potion of
                  | mutation]
 80479 | Pan      | Lost mutation: Your body sometimes deteriorates upon taking
                  | damage. [potion of mutation]
 80479 | Pan      | Lost mutation: You have supernaturally acute eyesight.
                  | (SInv) [potion of mutation]
 80479 | Pan      | Gained mutation: You possess an exceptional clarity of
                  | mind. [potion of mutation]
 80479 | Pan      | Gained mutation: You have an increased reservoir of magic.
                  | (+10% MP) [potion of mutation]
 80479 | Pan      | Gained mutation: Your muscles are strong. (Str +4, Int/Dex
                  | -1) [potion of mutation]
 80667 | Pan      | Noticed Vuicsokk the pandemonium lord
 80669 | Pan      | Killed Vuicsokk the pandemonium lord
 81530 | Pan      | Reached skill level 10 in Evocations
 81789 | Pan      | Learned a level 3 spell: Passwall
 81943 | Pan      | Noticed Xotram the pandemonium lord
 81955 | Pan      | Reached skill level 10 in Armour
 81964 | Pan      | Killed Xotram the pandemonium lord
 82538 | Pan      | Entered the realm of Cerebov.
 82708 | Pan      | Identified the +4 ring mail of Impressiveness {^Drain rN+
                  | Str+3}
 83414 | Pan      | Identified the +11 plate armour of Untold Secrets {Str+3}
 83424 | Pan      | Got the Elucidation of Snow and Rallying
 83496 | Pan      | Found the +6 sword of Cerebov {flame}
 83496 | Pan      | Noticed Cerebov
 83504 | Pan      | Killed Cerebov
 83525 | Pan      | Got a fiery rune of Zot
 83979 | Pan      | Noticed Ateec the pandemonium lord
 83980 | Pan      | Killed Ateec the pandemonium lord
 84383 | Pan      | Reached skill level 10 in Throwing
 84651 | Pan      | Found an exit through the horrors of the Abyss.
 84761 | Pan      | Entered the realm of Gloorx Vloq.
 84779 | Pan      | Identified the +0 leather armour of the Illusory Olives
                  | {rElec Str+3 Int-5 SInv}
 84790 | Pan      | Found an exit through the horrors of the Abyss.
 84792 | Pan      | Identified the +9 trident of the Penguin {protect, rPois
                  | Str+3}
 85498 | Pan      | Reached skill level 15 in Dodging
 85767 | Pan      | Reached skill level 15 in Evocations
 86291 | Pan      | Noticed Gloorx Vloq
 86293 | Pan      | Killed Gloorx Vloq
 86340 | Pan      | Got a dark rune of Zot
 86689 | Pan      | Gained mutation: You are dopey. (Int -2) [a cacodemon]
 86946 | Pan      | Noticed Peywarea the pandemonium lord
 86949 | Pan      | Killed Peywarea the pandemonium lord
 87383 | Pan      | Entered the realm of Lom Lobon.
 87581 | Pan      | Found an exit through the horrors of the Abyss.
 88225 | Pan      | Noticed Lom Lobon
 88240 | Pan      | Killed Lom Lobon
 88286 | Pan      | Got a magical rune of Zot
 88422 | Pan      | Took an exit into the Abyss.
 88422 | Abyss:1  | Escaped into the Abyss
 88558 | Abyss:4  | Got an abyssal rune of Zot
 88642 | Abyss:4  | Found a corrupted altar of Lugonu.
 88654 | Depths:1 | Escaped the Abyss
 88666 | Hell     | Entered the Vestibule of Hell
 88666 | Hell     | Noticed Geryon
 88746 | Hell     | Killed Geryon
 89094 | Hell     | Found a gateway to the decaying netherworld of Tartarus.
 89151 | Hell     | Found a gateway to the freezing wastes of Cocytus.
 89245 | Hell     | Found a gateway to the Iron City of Dis.
 89381 | Hell     | Found a gateway to the ashen valley of Gehenna.
 89599 | Coc:1    | Entered Level 1 of Cocytus
 90280 | Coc:3    | Reached skill level 27 in Conjurations
 90281 | Coc:3    | Reached skill level 27 in Fire Magic
 90281 | Coc:3    | Reached skill level 27 in Air Magic
 91265 | Coc:6    | Gained mutation: Your body sometimes deteriorates upon
                  | taking damage. [mutagenic glow]
 91282 | Coc:6    | Gained mutation: You occasionally lose the ability to drink
                  | potions when taking damage. [mutagenic glow]
 91297 | Coc:6    | Gained mutation: You have hidden genetic defects.
                  | [mutagenic glow]
 91304 | Coc:6    | Noticed a dread lich
 91307 | Coc:6    | Killed a dread lich
 91372 | Hell     | Lost mutation: You occasionally lose the ability to drink
                  | potions when taking damage. [potion of mutation]
 91372 | Hell     | Lost mutation: Your muscles are strong. (Str +4, Int/Dex
                  | -1) [potion of mutation]
 91372 | Hell     | Lost mutation: Your body sometimes deteriorates upon taking
                  | damage. [potion of mutation]
 91372 | Hell     | Gained mutation: You are partially covered in iridescent
                  | scales. (AC +2) [potion of mutation]
 91372 | Hell     | Lost mutation: You have hidden genetic defects. [potion of
                  | mutation]
 91642 | Coc:7    | Entered Level 7 of Cocytus
 92125 | Coc:7    | Identified the +4 trident of Chaos {protect, Int+3 Dex+4
                  | Stlth+}
 92125 | Coc:7    | Noticed Antaeus
 92130 | Coc:7    | Killed Antaeus
 92309 | Coc:7    | Got an icy rune of Zot
 92340 | Coc:7    | Noticed the Serpent of Hell
 92350 | Coc:7    | Killed the Serpent of Hell
 92558 | Coc:7    | Identified the +9 whip of Beskuhug {drain, rN+ Dex+2}
 92672 | Dis:1    | Entered Level 1 of the Iron City of Dis
 92672 | Dis:1    | Noticed an ancient lich
 92687 | Dis:1    | Killed an ancient lich
 93396 | Dis:2    | Found a burning altar of Makhleb.
 94082 | Dis:6    | Noticed an ancient lich
 94083 | Dis:6    | Killed an ancient lich
 94256 | Dis:7    | Entered Level 7 of the Iron City of Dis
 95127 | Dis:7    | Reached skill level 15 in Stealth
 95579 | Dis:7    | Identified the ring "Muoxen" {Fire rPois Str+4}
 95626 | Dis:7    | Identified the +3 chain mail of Hairiness {^Contam rElec
                  | rN+}
 95785 | Dis:7    | Noticed Dispater
 95875 | Dis:7    | Killed Dispater
 95891 | Dis:7    | Found the +3 robe of Clouds {*Thunder rCloud rElec}
 95893 | Dis:7    | Found the ring of the Hare {EV+10}
 95905 | Dis:7    | Got an iron rune of Zot
 95926 | Dis:7    | Identified the +6 double sword of Cataclysm {flame, Dex+3}
 96078 | Geh:1    | Entered Level 1 of Gehenna
 96086 | Geh:1    | Noticed a dread lich
 96089 | Geh:1    | Killed a dread lich
 96669 | Geh:3    | You are sucked into a shaft and drop 2 floors!
 97412 | Geh:7    | Entered Level 7 of Gehenna
 98180 | Geh:7    | Identified the +1 hand axe of Valour {spect, rPois Will-
                  | Str+6}
 98355 | Geh:7    | Identified the ring of Ascent {*Corrode rElec Int-4 Dex+4
                  | SInv}
 99455 | Geh:7    | Identified the staff "Doxos" {Str+5 Conj Hexes}
 99472 | Geh:7    | Identified the storm talisman of the Cartwright {rC- Int+6
                  | Dex+7}
 99630 | Geh:7    | Found the +13 sceptre of Asmodeus
 99630 | Geh:7    | Noticed Asmodeus
 99656 | Geh:7    | Killed Asmodeus
 99761 | Geh:7    | Found the +10 dark maul {heavy}
 99771 | Geh:7    | Identified the +2 leather armour of Farfalle {rElec MP+9
                  | Str+7 Dex-5}
 99774 | Geh:7    | Identified the +2 ring mail of the Loofah {rF+ Str+4 Int+2
                  | Stlth-}
 99783 | Geh:7    | Identified the +2 pair of boots "Forghy" {rF+}
 99810 | Geh:7    | Got Veneutt's Anthology of the Onion
 99819 | Geh:7    | Got an obsidian rune of Zot
 99826 | Geh:7    | Identified the +4 chain mail of Ramek {rElec}
100583 | Tar:1    | Entered Level 1 of Tartarus
100809 | Tar:1    | Reached skill level 27 in Evocations
100823 | Tar:1    | Noticed an ancient lich
100825 | Tar:1    | Killed an ancient lich
101528 | Tar:4    | You are sucked into a shaft and drop 2 floors!
101590 | Tar:7    | Entered Level 7 of Tartarus
102526 | Tar:7    | Identified the +2 spear "Ytoinoq" {heavy, rPois rF+ rC+}
102668 | Tar:7    | Identified the staff of the Valley {Conj Hexes}
102669 | Tar:7    | Identified the staff "Edyw" {rN+ rCorr Int+3 SInv Conj}
102683 | Tar:7    | Identified the +3 quarterstaff of the Several People
                  | {freeze, Fly rElec Str+7 Int-3}
102706 | Tar:7    | Identified the ring "Roagh" {rElec Str+6 Dex+3 Stlth+}
102707 | Tar:7    | Identified the +8 plate armour "Lithraca" {Int+5}
102713 | Tar:7    | Identified the +3 scimitar of Dissent {vamp, Will+}
102719 | Tar:7    | Identified the +1 ring mail of the Silversmith {Harm rElec}
102733 | Tar:7    | Found the +3 pair of gauntlets of War {Slay+5}
102765 | Tar:7    | Identified the +1 chain mail of the Journeyman {rF+ SInv}
102991 | Tar:7    | Identified the +9 hand axe "Caill" {chaos, Str+5 Dex-2}
103234 | Tar:7    | Noticed Ereshkigal
103246 | Tar:7    | Killed Ereshkigal
103270 | Tar:7    | Got a bone rune of Zot
103919 | Crypt:2  | Learned a level 9 spell: Shatter
104619 | Tomb:1   | Entered Level 1 of the Tomb of the Ancients
105172 | Tomb:1   | Noticed a royal mummy
105174 | Tomb:1   | Killed a royal mummy
105548 | Tomb:1   | Noticed a royal mummy
105551 | Tomb:1   | Killed a royal mummy
105551 | Tomb:1   | Killed a royal mummy
105557 | Tomb:1   | Noticed a royal mummy
105591 | Tomb:1   | Killed a royal mummy
105657 | Tomb:1   | Noticed a royal mummy
105658 | Tomb:1   | Killed a royal mummy
105660 | Tomb:1   | Noticed a royal mummy
105663 | Tomb:1   | Killed a royal mummy
105664 | Tomb:1   | Noticed a royal mummy
105666 | Tomb:1   | Killed a royal mummy
105671 | Tomb:1   | Noticed a royal mummy
105740 | Tomb:1   | Killed a royal mummy
105759 | Tomb:1   | Noticed a royal mummy
105761 | Tomb:1   | Killed a royal mummy
105770 | Tomb:1   | Reached skill level 15 in Earth Magic
105911 | Tomb:1   | Noticed a royal mummy
105916 | Tomb:1   | Killed a royal mummy
106004 | Tomb:1   | Noticed a royal mummy
106007 | Tomb:1   | Killed a royal mummy
106084 | Tomb:1   | Noticed a royal mummy
106086 | Tomb:1   | Killed a royal mummy
106095 | Tomb:1   | Noticed a royal mummy
106097 | Tomb:1   | Killed a royal mummy
106164 | Tomb:1   | Noticed a royal mummy
106166 | Tomb:1   | Killed a royal mummy
106175 | Tomb:1   | Noticed a royal mummy
106177 | Tomb:1   | Killed a royal mummy
106556 | Tomb:2   | Noticed a royal mummy
106558 | Tomb:2   | Noticed a royal mummy
106559 | Tomb:2   | Noticed a royal mummy
106559 | Tomb:2   | Noticed a royal mummy
106561 | Tomb:2   | Noticed a royal mummy
106562 | Tomb:2   | Killed a royal mummy
106562 | Tomb:2   | Killed a royal mummy
106562 | Tomb:2   | Killed a royal mummy
106563 | Tomb:2   | Killed a royal mummy
106564 | Tomb:2   | Killed a royal mummy
107321 | Tomb:3   | Entered Level 3 of the Tomb of the Ancients
107329 | Tomb:3   | Noticed a royal mummy
107329 | Tomb:3   | Noticed a royal mummy
107333 | Tomb:3   | Identified the ring "Yfittyxu" {rElec rPois rC- AC+4 SInv}
107336 | Tomb:3   | Killed a royal mummy
107341 | Tomb:3   | Noticed a royal mummy
107342 | Tomb:3   | Killed a royal mummy
107344 | Tomb:3   | Killed a royal mummy
107347 | Tomb:3   | Noticed a royal mummy
107350 | Tomb:3   | Killed a royal mummy
107518 | Tomb:3   | Noticed a royal mummy
107520 | Tomb:3   | Noticed a royal mummy
107521 | Tomb:3   | Killed a royal mummy
107523 | Tomb:3   | Killed a royal mummy
107525 | Tomb:3   | Noticed a royal mummy
107527 | Tomb:3   | Killed a royal mummy
107530 | Tomb:3   | Noticed a royal mummy
107532 | Tomb:3   | Killed a royal mummy
107537 | Tomb:3   | Noticed a royal mummy
107539 | Tomb:3   | Killed a royal mummy
107731 | Tomb:3   | Found the +7 hand cannon "Mule" {flame, backblast, rF+}
107768 | Tomb:3   | Identified the +4 lajatang of Gioseat {drain, Int+3 Dex+4}
107770 | Tomb:3   | Identified the +8 chain mail of Oily Brilliance {*Slow
                  | rElec Str+6}
107772 | Tomb:3   | Identified the amulet "Hybrymnu" {Rampage rElec Regen+
                  | Str+5 Slay-2}
107773 | Tomb:3   | Identified the +2 dire flail of Annoyance {freeze, rElec
                  | rPois rF- SInv}
107812 | Tomb:3   | Identified the +8 mace "Grum" {flame, rF+ rN+ rCorr Int-5}
107813 | Tomb:3   | Identified the dragon-blood talisman of Viminnaq {Will-
                  | Dex+6}
107821 | Tomb:3   | Identified the +7 spear "Wif Padd" {antimagic, rElec Str-2
                  | Int+3}
107967 | Tomb:3   | Identified the +2 robe of the Earth {Str+2}
108148 | Tomb:3   | Got a golden rune of Zot
109069 | Zot:5    | Noticed a dread lich
109070 | Zot:5    | Killed a dread lich
109072 | Zot:5    | Noticed an orb of fire
109073 | Zot:5    | Noticed an ancient lich
109075 | Zot:5    | Killed an orb of fire
109075 | Zot:5    | Killed an ancient lich
109134 | Zot:5    | Noticed an ancient lich
109136 | Zot:5    | Killed an ancient lich
109149 | Zot:5    | Noticed an ancient lich
109151 | Zot:5    | Noticed an orb of fire
109152 | Zot:5    | Killed an ancient lich
109152 | Zot:5    | Killed an orb of fire
109175 | Zot:5    | Noticed an orb of fire
109178 | Zot:5    | Killed an orb of fire
109365 | Zot:5    | Noticed an ancient lich
109367 | Zot:5    | Killed an ancient lich
109656 | Zot:5    | Got the Orb of Zot
110021 | D:14     | Noticed Sazuass the pandemonium lord
110023 | D:14     | Killed Sazuass the pandemonium lord
110306 | D:$      | Escaped with the Orb!

Illustrated notes

Levels and vault maps discovered:
D:1:      dpeg_arrival_castle, layout_basic, grunt_decor_resistance,
          minivault_11
D:2:      layout_loops_ring, basic_altar, minmay_misc_feat_cross,
          kennysheep_generic_room_14
D:3:      layout_rooms, uniq_terence, uniq_robin
D:4:      layout_basic, nicolae_shop_distant_corner_stores
D:5:      layout_cave_pools, mainiacjoe_overflow_tiny_flanked,
          minmay_temple_entry_fiery, gup_sewer_entry_pipe,
          wad_floor_pattern_untrapped, uniq_ijyb
D:6:      layout_basic
D:7:      layout_rooms, serial_shops, shop_statue, minmay_misc_feat_room,
          uniq_menkaure
D:8:      layout_basic, minmay_misc_feat_alley
D:9:      layout_roguey, minmay_misc_feat_tower
D:10:     layout_stronghold, amethyst_overflow_temple_binary,
          grunt_lair_entry_orc_guard_hut, serial_shops,
          nicolae_shop_hallway_stairs, uniq_erolcha
D:11:     layout_long_grid, david_orc_4, small_statue_alley_a,
          minmay_misc_feat_five, uniq_snorg, uniq_urug
D:12:     layout_gridville, hex_medium, moated_statue
D:13:     layout_roguey
D:14:     layout_cave_pools, hellmonk_vaults_order_and_chaos,
          nrook_pool_corridor, uniq_lodul
D:15:     hellmonk_depths_entry_around_the_bend, layout_basic,
          serial_library_hellmonk_u_bend
Temple:   nicolae_temple_bog_church
Lair:1:   layout_chaotic_city, serial_rivers, chequers_serial_rivers_small_3,
          chequers_serial_rivers_micro_a, chequers_serial_rivers_small_a,
          chequers_serial_rivers_marsh, ebering_ghost_rock_garden,
          pdpol_lair_cabin_in_the_woods, serial_bayou_shore_b, uniq_grum
Lair:2:   layout_regular_city, basic_altar, grunt_megastairs_2,
          serial_bayou_shore_b
Lair:3:   layout_small_grid, minmay_shoals_entry_beasts,
          guppyfry_snake_entry_garden
Lair:4:   layout_gridlike, dpeg_slime_entry_enclosed, lemuel_fruit_fields
Lair:5:   minmay_lair_end_frog_pond, layout_loops_ring
Shoals:1: dreamdust_from_the_deep, layout_shoals, serial_shops,
          nicolae_book_shop_shelving
Shoals:2: layout_shoals, ebering_ghost_inner_flame
Shoals:3: layout_shoals
Shoals:4: shoals_end_hellmonk_holy_island
Snake:1:  layout_misc_corridors, uniq_kirke
Snake:2:  layout_misc_corridors, serial_shops, shop, drop_trap,
          hangedman_snake_corridor_split, uniq_aizul
Snake:3:  layout_basic, minmay_shoptagon
Snake:4:  grunt_snake_rune_pools, layout_chambers,
          serial_library_hellmonk_open_square, grunt_megastairs_5
Slime:1:  layout_caves, cheibrodos_slime_lost_civilization_4
Slime:2:  layout_caves
Slime:3:  layout_caves
Slime:4:  layout_caves
Slime:5:  slime_pit_nicolae_amoeboid
Orc:1:    layout_caves, portal_ice_cave_entry_pillars_1,
          nicolae_orc_beogh_chapel, nooodl_orcs_dogs
Orc:2:    st_orc_town, layout_caves, serial_shops,
          nicolae_shop_just_a_little_nook
Elf:1:    layout_loops_cross, gammafunk_ghost_berserking_beasts,
          kennysheep_underground_church
Elf:2:    elven_hall_of_blades_hangedman_original
          [nicolae_blade_entry_crossed_weapons], layout_rooms, serial_shops,
          nicolae_diamond_shop, uniq_nikola, uniq_azrael
Elf:3:    elf_hall, layout_gridlike, serial_shops, shop, minmay_shop_star
Vaults:1: vaults_room_corners, vaults_mumra_bighexcomb, vaults_mumra_hexcomb,
          hangedman_vaults_corner_blocks, nicolae_vaults_trapezoid_4,
          ontoclasm_vaults_fault, vaults_dpeg_emergency_exit,
          vaults_room_stairs_pillars, layout_vaults_omnigrid, uniq_norris
Vaults:2: nicolae_vaults_circle_grid_b, hangedman_vaults_snaps, v_misc_22,
          vaults_room_door_hall, nicolae_vaults_trapezoid_layered,
          nicolae_vaults_sesquioval_fish, v_misc_5, vaults_room_ringed_pool,
          hangedman_vaults_river_flow, nicolae_vaults_network_s,
          ontoclasm_vaults_loading_screen, nicolae_vaults_oozy_zoo,
          layout_vaults_omnibox
Vaults:3: hangedman_vaults_stream, nicolae_vaults_network_quincunx
          [nicolae_vaults_network_quincunx_subvault,
          nicolae_vaults_network_quincunx_subvault,
          nicolae_vaults_network_quincunx_subvault,
          nicolae_vaults_network_quincunx_subvault,
          nicolae_vaults_network_quincunx_subvault], ontoclasm_vaults_chip,
          nicolae_vaults_windows_and_doors_thing, v_misc_29, v_misc_33,
          minmay_crypt_entry_simple_corners, vaults_room_pool,
          grunt_vaults_diagonal, nicolae_vaults_double_plus_2,
          nicolae_vaults_house_2, ontoclasm_vaults_shuriken,
          layout_vaults_omnicross, serial_shops, bzr_entry_islet,
          nicolae_shop_window_shopping, shop, nicolae_shop_stone, uniq_frederick
Vaults:4: v_misc_3, hangedman_vaults_locks, v_pattern_2,
          nicolae_vaults_tetromino_Z_1, vaults_mumra_lcd,
          nicolae_vaults_weapon_check, ontoclasm_vaults_ring_square, v_misc_8,
          v_rooms_1, vaults_standard_mumra_x, ontoclasm_vaults_ring_small,
          vaults_dpeg_doors, nicolae_vaults_trapezoid_lopsided_4,
          nicolae_vaults_tangram_1, nicolae_vaults_house_2, layout_vaults_ring,
          serial_shops, nicolae_shop_tiny_glass
Vaults:5
Crypt:1:  layout_basic, lemuel_freeze_loot_1
Crypt:2:  layout_rooms, grunt_megastairs_4
Crypt:3:  quadcrypt_mu, uniq_khufu
Tomb:1
Tomb:2
Tomb:3
Depths:1: kennysheep_windowed_halls, layout_gridlike, hangedman_geh_valley,
          pan_entry, chequers_jeans, minmay_misc_feat_rugged,
          minmay_pinched_square
Depths:2: minmay_expanding_circles, layout_gridville, hell_entry,
          rand_demon_pan_entry_1, minmay_staircase_bubble, abyss_entry,
          mu_enter_wizlab_4, minmay_hollow_rounded_squares, uniq_sojobo,
          uniq_bai_suzhen
Depths:3: minmay_tri_box, layout_cave_pools, hell_entry, abyss_entry_crystal,
          grunt_pan_entry_spiral, minmay_crystal_water,
          minmay_staircase_windowed_small
Depths:4: evilmike_zot_entry_basic, layout_cave_shapes, enter_ziggurat_b,
          serial_shops, nicolae_shop_bloodbath_and_beyond, shop, hell_entry,
          rand_demon_pan_entry_8, nicolae_uskayaw_suspiria, uniq_grunn
Hell
Dis:1:    layout_gridville, evilmike_ambush [evilmike_ambush_outer_basic,
          evilmike_ambush_inner_basic]
Dis:2:    kennysheep_iron_temple, layout_subdivisions
Dis:3:    layout_gridville
Dis:4:    layout_jigsaw
Dis:5:    layout_regular_city, serial_glass, glass_columns_a, glass_columns_b
Dis:6:    layout_jigsaw, hangedman_dis_decor_tower,
          nicolae_hells_seeping_fissure
Dis:7:    iron_city_of_dis [dis_mu, dis_wall_8], layout_gridville,
          nicolae_dis_grated_feature
Geh:1:    layout_gehenna_pools_triple, nicolae_geh_lava_shack
Geh:2:    layout_gehenna_lava_caves
Geh:3:    layout_gehenna_pools_basic
Geh:4:    layout_gehenna_lava_caves, nicolae_hells_seeping_fissure
Geh:5:    layout_gehenna_pools_box, nicolae_geh_rippling_lava
Geh:6:    layout_gehenna_pools_triple, hangedman_hellfire_club
Geh:7:    geh_mu
Coc:1:    layout_cocytus_water_paths
Coc:2:    layout_ice_bergs
Coc:3:    layout_cocytus_water_paths
Coc:4:    layout_cocytus_delve, serial_ice, serial_ice_b, serial_ice_o,
          nicolae_coc_statues_of_limitations
Coc:5:    layout_ice_bergs
Coc:6:    layout_cocytus_delve
Coc:7:    coc_mu
Tar:1:    layout_grid_maze
Tar:2:    layout_cathedral_of_symmetry, nicolae_tar_grid_combs
Tar:3:    layout_grid_maze
Tar:4:    layout_cathedral_of_symmetry
Tar:6:    layout_grid_maze
Tar:7:    tar_mu [tar_mu_maze]
Zot:1:    layout_gridlike, regret_index_zot_stipple_split
Zot:2:    layout_cathedral_of_symmetry
Zot:3:    lemuel_draconian_sentries, layout_gridlike,
          regret_index_zotdec_carving_tricks
Zot:4:    bobbens_index_wilting_gardens, layout_gridlike
Zot:5:    layout_basic

Skill      XL: |  1  2  3  4  5  6  7  8  9 10 11 12 13 14 15 16 17 18 19 20 21 22 23 24 25 26 27 |
---------------+----------------------------------------------------------------------------------+-----
Fighting       | 1 3 8 10 22 | 22.5
Spellcasting   | 4 5 6 7 9 10 12 15 17 19 20 21 22 23 25 27 | 27.0
Conjurations   | 5 6 7 8 10 11 12 15 16 17 18 19 20 21 23 24 25 27 | 27.0
Translocations | 1 2 3 5 |  5.0
Alchemy        | 1 3 4 5 |  5.0
Stealth        | 6 7 8 10 12 15 | 15.0
Evocations     | 5 27 | 27.0
Throwing       | 3 4 6 10 | 10.0
Fire Magic     | 5 9 10 11 12 15 16 18 19 21 23 24 25 27 | 27.0
Air Magic      | 5 8 10 11 13 16 20 24 27 | 27.0
Dodging        | 10 24 | 24.7
Earth Magic    | 2 7 10 23 | 23.0
Necromancy     | 2 5 |  5.0
Shields        | 6 12 15 | 15.0
Ice Magic      | 5 |  5.0
Armour         | 10 | 10.0

Action                     |  1- 3 |  4- 6 |  7- 9 | 10-12 | 13-15 | 16-18 | 19-21 | 22-24 | 25-27 || total
---------------------------+-------+-------+-------+-------+-------+-------+-------+-------+-------++-------
  Melee: Spear             |     4 |       |       |       |       |       |       |       |       ||     4
         Dagger            |       |       |     5 |       |       |       |       |       |       ||     5
         Staff             |       |       |       |       |       |       |     1 |     1 |     6 ||     8
  Throw: Dart              |       |       |       |     4 |       |       |     2 |       |       ||     6
   Cast: Magic Dart        |    67 |    79 |    29 |     6 |     1 |       |       |       |       ||   182
         Searing Ray       |     9 |     8 |    47 |     8 |     4 |       |       |       |       ||    76
         Mercury Vapours   |       |     3 |    39 |    16 |     7 |       |       |       |       ||    65
         Blink             |       |     3 |     1 |       |       |     8 |     1 |       |     6 ||    19
         Fulminant Prism   |       |     6 |    47 |    37 |    12 |     6 |       |       |       ||   108
         Iskenderun's Myst |       |       |     1 |    40 |    81 |    51 |    26 |    17 |    25 ||   241
         Fireball          |       |       |       |   144 |   154 |   526 |   376 |    76 |   176 ||  1452
         Mephitic Cloud    |       |       |       |     7 |       |       |       |       |       ||     7
         Orb of Destructio |       |       |       |     2 |    10 |    59 |    48 |     3 |       ||   122
         Irradiate         |       |       |       |       |     3 |     5 |     8 |     4 |    29 ||    49
         Freezing Cloud    |       |       |       |       |    74 |    23 |       |       |       ||    97
         Starburst         |       |       |       |       |       |    39 |    19 |    11 |    22 ||    91
         Plasma Beam       |       |       |       |       |       |       |   152 |   106 |   229 ||   487
         Fire Storm        |       |       |       |       |       |       |    17 |   154 |  1102 ||  1273
         Lehudib's Crystal |       |       |       |       |       |       |     7 |    54 |   595 ||   656
         Ignition          |       |       |       |       |       |       |       |    14 |    29 ||    43
         Sublimation of Bl |       |       |       |       |       |       |       |       |   643 ||   643
         Ozocubu's Armour  |       |       |       |       |       |       |       |       |    11 ||    11
         Chain Lightning   |       |       |       |       |       |       |       |       |   181 ||   181
         Maxwell's Capacit |       |       |       |       |       |       |       |       |    35 ||    35
         Shatter           |       |       |       |       |       |       |       |       |    34 ||    34
         Apportation       |       |       |       |       |       |       |       |       |     1 ||     1
  Evoke: Wand              |       |       |       |     1 |     6 |     3 |     5 |       |    27 ||    42
         Box of beasts     |       |       |       |       |     1 |     1 |       |       |       ||     2
         Gell's gravitambo |       |       |       |       |       |       |     2 |       |     3 ||     5
         Phantom mirror    |       |       |       |       |       |       |     1 |       |     1 ||     2
         Lightning rod     |       |       |       |       |       |       |       |       |     3 ||     3
         Tin of tremorston |       |       |       |       |       |       |       |       |     1 ||     1
    Use: Scroll            |     3 |     1 |    11 |     7 |     7 |     3 |    11 |     7 |    27 ||    77
         Potion            |       |       |       |       |     1 |     2 |       |       |    28 ||    31
   Stab: Sleeping          |     1 |       |     1 |       |       |       |       |       |       ||     2
 Armour: Leather armour    |     2 |    13 |    82 |    12 |     9 |   187 |    59 |    35 |       ||   399
         Troll leather arm |       |       |       |    18 |    46 |       |       |       |       ||    64
         Ring mail         |       |       |       |       |       |       |       |    27 |   286 ||   313
         Skin              |       |       |       |       |       |       |       |       |    35 ||    35
         Robe              |       |       |       |       |       |       |       |       |     7 ||     7
  Dodge: Dodged            |     1 |     2 |    88 |    18 |    29 |    84 |    28 |    30 |    86 ||   366
  Block: Buckler           |       |       |       |     3 |     8 |    19 |     8 |     6 |    42 ||    86
         Kite shield       |       |       |       |       |       |       |       |       |    78 ||    78

Table legend: (Time is in decaauts)
 A = Elapsed time spent in this place.
 B = Non-inter-level travel time spent in this place.
 C = Inter-level travel time spent in this place.
 D = Time resting spent in this place.
 E = Time spent auto-exploring this place.
 F = Levels seen in this place.
 G = Mean time per level.
                   A        B        C        D        E       F      G
               +--------+--------+--------+--------+--------+-----+--------+
         Total | 110452 |  97919 |  12533 |  34343 |  37937 | 110 | 1004.1 |
       Dungeon |  19323 |  15491 |   3832 |   5231 |   6447 |  15 | 1288.2 |
        Temple |     26 |     14 |     12 |      0 |      0 |   1 |   26.0 |
          Lair |   7739 |   6329 |   1410 |   2681 |   2673 |   5 | 1547.8 |
        Shoals |   7365 |   7032 |    333 |   4131 |   1303 |   4 | 1841.2 |
     Snake Pit |   6575 |   6135 |    440 |   2704 |   2236 |   4 | 1643.8 |
    Slime Pits |   2035 |   1807 |    228 |    685 |    617 |   5 |  407.0 |
  Orcish Mines |   2636 |   2324 |    312 |    785 |    938 |   2 | 1318.0 |
   Elven Halls |   4074 |   3837 |    237 |   1181 |   1590 |   3 | 1358.0 |
        Vaults |   9999 |   8870 |   1129 |   3912 |   3638 |   5 | 1999.8 |
         Crypt |   5284 |   4412 |    872 |   1737 |   1773 |   3 | 1761.3 |
          Tomb |   3530 |   3159 |    371 |   1050 |   1046 |   3 | 1176.7 |
        Depths |   6515 |   5170 |   1345 |   1971 |   2383 |   4 | 1628.8 |
          Hell |    760 |    708 |     52 |     26 |    393 |   1 |  760.0 |
           Dis |   3331 |   3198 |    133 |   1165 |    531 |   7 |  475.9 |
       Gehenna |   3901 |   3558 |    343 |   1278 |    606 |   7 |  557.3 |
       Cocytus |   3030 |   2835 |    195 |    950 |    867 |   7 |  432.9 |
      Tartarus |   2840 |   2491 |    349 |    617 |    880 |   6 |  473.3 |
           Zot |   5766 |   4832 |    934 |    944 |   2761 |   5 | 1153.2 |
         Abyss |    231 |    231 |      0 |     30 |      0 |   4 |   57.8 |
   Pandemonium |  14487 |  14487 |      0 |   2803 |   7125 |  15 |  965.8 |
        Bazaar |     90 |     90 |      0 |      0 |     41 |   1 |   90.0 |
         Sewer |    173 |    173 |      0 |     97 |      0 |   1 |  173.0 |
      Ice Cave |    110 |    110 |      0 |     46 |      0 |   1 |  110.0 |
        Wizlab |    619 |    619 |      0 |    317 |     88 |   1 |  619.0 |
               +--------+--------+--------+--------+--------+-----+--------+

Top non-repeatable levels by time:
 Crypt:3: 2931 daAuts
Shoals:3: 2597 daAuts
Vaults:4: 2501 daAuts
 Snake:4: 2389 daAuts
Depths:1: 2266 daAuts
    D:11: 2129 daAuts
    D:12: 2127 daAuts
   Geh:7: 2112 daAuts
Vaults:3: 2082 daAuts
  Lair:3: 2024 daAuts
  Lair:1: 2007 daAuts
  Tomb:1: 1974 daAuts
Depths:2: 1939 daAuts
Vaults:5: 1926 daAuts
   Tar:7: 1830 daAuts
